Workbook
Name EQUIP: #REF!
Name EQUIP: #REF!
Name EQUIP: [1]Equip!$A$1:$F$500
Name MO: #REF!
Name MO: #REF!
Name MO: [1]MO!$A$1:$D$500
Name PEM: #REF!
Name PEM: #REF!
Name PEM: #REF!

Sheet DMT
B2: DMT
B3: Superintendência | C3: Localização | D3: Municipio | E3: Curitiba
E4: P | F4: RP
B5: LESTE | C5: C. G. | D5: Contenda | E5: 47.6
C6: Extremo 1 | D6: Guaraqueçaba | E6: 172.3
C7: Extremo 2 | D7: Palmas | E7: 374
D8: Média | E8: =FLOOR(AVERAGE(E5:E7),0.01) -> 197.96
B9: CAMPOS GERAIS | C9: C. G. | D9: Prudentópolis | E9: 203
C10: Extremo 1 | D10: Santana do Itararé | E10: 316
C11: Extremo 2 | D11: Quedas do Iguaçu | E11: 427
D12: Média | E12: =FLOOR(AVERAGE(E9:E11),0.01) -> 315.33
B13: NORTE | C13: C. G. | D13: São Sebastião da Amoreira | E13: 368
C14: Extremo 1 | D14: Imbau | E14: 221.6
C15: Extremo 2 | D15: Porecatu | E15: 468.6
D16: Média | E16: =FLOOR(AVERAGE(E13:E15),0.01) -> 352.73
B17: NOROESTE | C17: C. G. | D17: Cianorte | E17: 552
C18: Extremo 1 | D18: Altamira do Paraná | E18: 420.5 | F18: 31.5
C19: Extremo 2 | D19: Porto São José | E19: 592
D20: Média | E20: =FLOOR(AVERAGE(E17:E19),0.01) -> 521.5 | F20: =FLOOR(AVERAGE(F17:F19),0.01) -> 31.5
B21: OESTE | C21: C. G. | D21: Capitão Leônidas Marques | E21: 519
C22: Extremo 1 | D22: Palmas | E22: 374
C23: Extremo 2 | D23: Terra Roxa | E23: 625
D24: Média | E24: =FLOOR(AVERAGE(E21:E23),0.01) -> 506
B26: Leste | E26: =E8 -> 197.96 | F26: 0
B27: Campos Gerais | E27: =E12 -> 315.33 | F27: 0
B28: Norte | E28: =E16 -> 352.73 | F28: 0
B29: Noroeste | E29: =E20 -> 521.5 | F29: =F20 -> 31.5
B30: Oeste | E30: =E24 -> 506 | F30: 0

Sheet DER-PR_FU
A1: Código | B1: Descrição do Equipamento | C1: Transportador | D1: FU | E1: K
A2: 319300 | B2: Carreg. frontal pneus 924-K leve | C2: =CHP!G13 -> Cavalo mecânico com semirreboque com capacidade de 20 t - 276 kW | D2: 0.5 | E2: =IF(A2=C2,1,2) -> 2
A3: 329300 | B3: Carreg. frontal pneus 924-K média | D3: 0.5 | E3: =IF(A3=C3,1,2) -> 2
A4: 339300 | B4: Carreg. frontal pneus 924-K severa | D4: 0.5 | E4: =IF(A4=C4,1,2) -> 2
A5: 319660 | B5: Carreg. frontal pneus 950-H leve | D5: 0.5 | E5: =IF(A5=C5,1,2) -> 2
A6: 329660 | B6: Carreg. frontal pneus 950-H média | D6: 0.5 | E6: =IF(A6=C6,1,2) -> 2
A7: 339660 | B7: Carreg. frontal pneus 950-H severa | D7: 0.5 | E7: =IF(A7=C7,1,2) -> 2
A8: 320550 | B8: Carreg. frontal pneus L 60-F média | D8: 0.5 | E8: =IF(A8=C8,1,2) -> 2
A9: 306010 | B9: Carreta de perfuração | D9: 0.5 | E9: =IF(A9=C9,1,2) -> 2
A10: 310030 | B10: Central dosadora de concreto capac. 30 m3/h | D10: 1 | E10: =IF(A10=C10,1,2) -> 2
A11: 300125 | B11: Central dosadora de Concreto capacidade 150m³/h - Dosadora e misturadora | D11: 1 | E11: =IF(A11=C11,1,2) -> 2
A12: 300510 | B12: Conj. britagem completo 80 m3/h | D12: 1 | E12: =IF(A12=C12,1,2) -> 2
A13: 313200 | B13: Escav. hidráulica 320D L leve | D13: 1 | E13: =IF(A13=C13,1,2) -> 2
A14: 323200 | B14: Escav. hidráulica 320D L média | D14: 1 | E14: =IF(A14=C14,1,2) -> 2
... A101: 300060 | B101: Tanque água sem bomba 6000 l | D101: 1 | E101: =IF(A101=C101,1,2) -> 2
A102: 304000 | B102: Bate estacas leve | C102: =CHP!G16 -> Cavalo mecânico com semirreboque com capacidade de 32 t - 302 kW | D102: 1 | E102: =IF(A102=C102,1,2) -> 2
A103: 399798 | B103: Perfuratriz hidráulica rotopercussiva - 123 kW | C103: =CHP!G19 -> Cavalo mecânico com dolly intermediário e semirreboque de 4 eixos com capacidade de 52 t - 364 kW | D103: 1 | E103: 2
A104: 399516 | B104: Perfuratriz hidráulica sobre esteiras com clamshell - 220 kW
A105: 399517 | B105: Perfuratriz hidráulica sobre esteiras com clamshell - 220 kW
A106: 396920 | B106: Guindaste móvel sobre esteiras com capacidade de 40 t - 186 kW
A107: 304100 | B107: Bate estacas hidráulico 300 kg | C107: 304100 | D107: 1 | E107: =IF(A107=C107,1,2) -> 1
A108: 399502 | B108: Bate estaca de gravidade para 6 t - 119 kW | C108: 346020 | D108: 1 | E108: 1
A109: 370020 | B109: Microônibus transporte urbano capacidade 16 pessoas | C109: 370020 | D109: 1 | E109: =IF(A109=C109,1,2) -> 1
A110: 370030 | B110: Microônibus transporte urbano capacidade 30 pessoas | C110: 370030 | D110: 1 | E110: =IF(A110=C110,1,2) -> 1
A111: 370000 | B111: Veiculo transporte coletivo 40 passageiros | C111: 370000 | D111: 1 | E111: =IF(A111=C111,1,2) -> 1
A112: 370110 | B112: Veículo utilitário pot. mín. 60 HP(c/motor.) | C112: 370110 | D112: 1 | E112: =IF(A112=C112,1,2) -> 1
A113: 370160 | B113: Veículo utilitário pot. min. 60 HP(s/motor.) | C113: 370160 | D113: 1 | E113: =IF(A113=C113,1,2) -> 1
A114: 316060 | B114: Cam. bascul. 1419 6m3 leve | C114: 316060 | D114: 1 | E114: =IF(A114=C114,1,2) -> 1
A115: 313140 | B115: Cam. bascul. 2426/48 6m3 leve | C115: 313140 | D115: 1 | E115: =IF(A115=C115,1,2) -> 1
A116: 323140 | B116: Cam. bascul. 2426/48 6m3 média | C116: 323140 | D116: 1 | E116: =IF(A116=C116,1,2) -> 1
A117: 333140 | B117: Cam. bascul. 2426/48 6m3 severa | C117: 333140 | D117: 1 | E117: =IF(A117=C117,1,2) -> 1
A118: 300110 | B118: Caminhão transp. material asfáltico | C118: 300110 | D118: 1 | E118: =IF(A118=C118,1,2) -> 1
A119: 370060 | B119: Espargidor de asfalto 6000 l | C119: 370060 | D119: 1 | E119: =IF(A119=C119,1,2) -> 1
A120: 370070 | B120: Automóvel sedan pot. mín.60 HP(c/motor.) | C120: 370070 | D120: 1 | E120: =IF(A120=C120,1,2) -> 1
... A131: 346070 | B131: Caminhão pipa 6000 l | C131: 346070 | D131: 1 | E131: =IF(A131=C131,1,2) -> 1
A132: 340030 | B132: Caminhão silo 30 m3 | C132: 340030 | D132: 1 | E132: 1
A133: 370700 | B133: Equipamento demarcação faixa a frio | C133: 370700 | D133: 1 | E133: =IF(A133=C133,1,2) -> 1
A134: 370440 | B134: Máquina pintura de faixas | C134: 370440 | D134: 1 | E134: =IF(A134=C134,1,2) -> 1
A135: 322140 | B135: Cam. bascul. 2730/36 5m3 média | C135: 322140 | D135: 1 | E135: =IF(A135=C135,1,2) -> 1
A136: 313180 | B136: Cam. bascul. 1635/45 12m3 leve | C136: 313180 | D136: 1 | E136: =IF(A136=C136,1,2) -> 1
A137: 323180 | B137: Cam. bascul. 1635/45 12m3 média | C137: 323180 | D137: 1 | E137: =IF(A137=C137,1,2) -> 1
A138: 333180 | B138: Cam. bascul. 1635/45 12m3 severa | C138: 333180 | D138: 1 | E138: =IF(A138=C138,1,2) -> 1
A139: 323514 | B139: Cam. bascul. 1635/45 14m3 média | C139: 323514 | D139: 1 | E139: =IF(A139=C139,1,2) -> 1
A140: 370150 | B140: Equipamento para lama asfáltica LA-6 | C140: 370150 | D140: 1 | E140: =IF(A140=C140,1,2) -> 1
A141: 300140 | B141: Usina asfalto móvel contra-fluxo 50/100 t/hora | C141: 300140 | D141: 1 | E141: =IF(A141=C141,1,2) -> 1
A142: 300170 | B142: Usina asfalto móvel contra-fluxo 60/120 t/hora asf. borracha/polímero | C142: 300170 | D142: 1 | E142: =IF(A142=C142,1,2) -> 1
A143: 346020 | B143: Caminhão c/ guindauto | C143: 346020 | D143: 1 | E143: =IF(A143=C143,1,2) -> 1
A144: 346080 | B144: Caminhão carroceria 815/37 6 t | C144: 346080 | D144: 1 | E144: =IF(A144=C144,1,2) -> 1
... A160: 300030 | B160: Prancha p/ carreta (25 t) | C160: 300030 | D160: 1 | E160: =IF(A160=C160,1,2) -> 1

Sheet Transporte - FU
A1: Equipamento | B1: Transporte Rodoviário
B2: Código | C2: FU
A3: 304100 | B3: 304100 | C3: 1
A4: 370020 | B4: 370020 | C4: 1
A5: 370030 | B5: 370030 | C5: 1
A6: 370000 | B6: 370000 | C6: 1
A7: 370110 | B7: 370110 | C7: 1
A8: 370160 | B8: 370160 | C8: 1
A9: 316060 | B9: 316060 | C9: 1
A10: 326060 | B10: =A10 -> 326060 | C10: 1
A11: 336060 | B11: =A11 -> 336060 | C11: 1
A12: 313140 | B12: 313140 | C12: 1
A13: 323140 | B13: 323140 | C13: 1
A14: 333140 | B14: 333140 | C14: 1
A15: 300110 | B15: 300110 | C15: 1
A16: 370060 | B16: 370060 | C16: 1
A17: 370070 | B17: 370070 | C17: 1
A18: 370080 | B18: 370080 | C18: 1
A19: 306000 | B19: 306000 | C19: 1
A20: 321800 | B20: 321800 | C20: 1
A21: 321810 | B21: 321810 | C21: 1
A22: 321820 | B22: 321820 | C22: 1
A23: 300130 | B23: 300130 | C23: 1
... A58: 399502 | B58: 346020 | C58: 1
A59: 319300 | B59: EQ001 | C59: 0.5
A60: 329300 | B60: EQ001 | C60: 0.5
A61: 339300 | B61: EQ001 | C61: 0.5
A62: 319660 | B62: EQ001 | C62: 0.5
A63: 329660 | B63: EQ001 | C63: 0.5
A64: 339660 | B64: EQ001 | C64: 0.5
A65: 320550 | B65: EQ001 | C65: 0.5
A66: 306010 | B66: EQ001 | C66: 0.5
A67: 310030 | B67: EQ001 | C67: 1
A68: 300125 | B68: EQ001 | C68: 1
A69: 300510 | B69: EQ001 | C69: 1
A70: 313200 | B70: EQ001 | C70: 1
... A163: 396920 | B163: EQ003 | C163: 1
A164: 370080 | B164: =A164 -> 370080 | C164: 1
A165: 370020 | B165: =A165 -> 370020 | C165: 1

Sheet CHP
A1: Data Base: 31/08/2025 (Com desoneração)
B3: Salário Base: | C3: 1518
B4: Encargos sociais: | C4: 1.4892
B5: Taxa de juros: | C5: 0.06
B6: Álcool: | C6: 4.26 | D6: 0.29
B7: Diesel: | C7: 5.999 | D7: 0.15
B8: Gasolina: | C8: 6.252 | D8: 0.245
B9: Elétrico: | C9: 1.095 | D9: 0.0245
B10: Óleo Combustível: | C10: 5.37
B11: =195+12 -> 207
A12: Código | B12: Descrição do Equipamento | C12: CHP | D12: CHI | F12: Código | G12: Descrição do Equipamento | H12: CT | I12: Pot | J12: V.Ut | K12: H/ano | L12: Aquisição | M12: Coef | N12: Combust. | O12: Dep.juros | P12: Manut. | Q12: Material | R12: M. Obra | S12: Resid. | T12: Hora prod. | U12: Improd.
A13: 303280 | B13: Arado reversível 3 discos 28" | C13: 5.34 | D13: 3.73 | F13: EQ001 | G13: Cavalo mecânico com semirreboque com capacidade de 20 t - 276 kW | I13: - | J13: - | K13: - | L13: - | M13: - | N13: - | O13: - | P13: - | Q13: - | R13: - | S13: - | T13: =ROUND(T14+T15,2) -> 430.57 | U13: =ROUND(U14+U15,2) -> 108.12 | V13: 9665
A14: 370070 | B14: Automóvel leve pot. mín. 75 HP(c/motor.) | C14: 142.87 | D14: 35.72 | F14: EQ_AX01 | G14: Cavalo mecânico 4 x 2, PBT 16.000 kg - 276 kW - motorista de veículo especial | I14: 276 | J14: 7 | K14: 2000 | L14: 743045 | M14: 0.9 | N14: Diesel | O14: =(L14*(1-S14/100)*(1+$C$5)^J14)*($C$5/((1+$C$5)^J14-1))*(1/K14) -> 39.931614 | P14: =L14*M14/(K14*J14) -> 47.767178 | Q14: =$D$7*I14*$C$7 -> 248.3586 | R14: =MO!E27 -> 34.69 | S14: 40 | T14: =O14+P14+Q14+R14 -> 370.74739 | U14: =O14+R14 -> 74.621614
A15: 370080 | B15: Automóvel leve pot. mín. 75 HP(s/motor.) | C15: 116.77 | D15: 9.62 | F15: EQ_AX02 | G15: Semirreboque com 2 eixos | I15: 0 | J15: 12 | K15: 1000 | L15: 351050 | M15: 0.9 | N15: Diesel | O15: =(L15*(1-S15/100)*(1+$C$5)^J15)*($C$5/((1+$C$5)^J15-1))*(1/K15) -> 33.497761 | P15: =L15*M15/(K15*J15) -> 26.32875 | Q15: =$D$7*I15*$C$7 -> 0 | S15: 20 | T15: =O15+P15+Q15+R15 -> 59.826511 | U15: =O15+R15 -> 33.497761
A16: 304100 | B16: Bate estacas hidráulico 300 kg | C16: 76.81 | D16: 48.48 | F16: EQ002 | G16: Cavalo mecânico com semirreboque com capacidade de 32 t - 302 kW | I16: - | J16: - | K16: - | L16: - | M16: - | N16: - | O16: - | P16: - | Q16: - | R16: - | S16: - | T16: =ROUND(T17+T18,2) -> 478.04 | U16: =ROUND(U17+U18,2) -> 120.15 | V16: 9666
A17: 304000 | B17: Bate estacas leve | C17: 36.95 | D17: 34.46 | F17: EQ_AX03 | G17: Cavalo mecânico estradeiro 6 x 2, PBT 23.000 kg - 302 kW - motorista de caminhão | I17: 302 | J17: 7 | K17: 2000 | L17: 860102 | M17: 0.9 | N17: Diesel | O17: =(L17*(1-S17/100)*(1+$C$5)^J17)*($C$5/((1+$C$5)^J17-1))*(1/K17) -> 46.222316 | P17: =L17*M17/(K17*J17) -> 55.292272 | Q17: =$D$7*I17*$C$7 -> 271.7547 | R17: =MO!E27 -> 34.69 | S17: 40 | T17: =O17+P17+Q17+R17 -> 407.95929 | U17: =O17+R17 -> 80.912316
A18: 399502 | B18: Bate estaca de gravidade para 6 t - 119 kW | F18: EQ_AX03 | G18: Semirreboque com 3 eixos | I18: 0 | J18: 12 | K18: 1000 | L18: 411230 | M18: 0.9 | N18: Diesel | O18: =(L18*(1-S18/100)*(1+$C$5)^J18)*($C$5/((1+$C$5)^J18-1))*(1/K18) -> 39.240234 | P18: =L18*M18/(K18*J18) -> 30.84225 | Q18: =$D$7*I18*$C$7 -> 0 | S18: 20 | T18: =O18+P18+Q18+R18 -> 70.082484 | U18: =O18+R18 -> 39.240234
A19: 363200 | B19: Betoneira 600 l elétrica | C19: 9.48 | D19: 6.57 | F19: EQ003 | G19: Cavalo mecânico com dolly intermediário e semirreboque de 4 eixos com capacidade de 52 t - 364 kW | T19: =ROUND(T20+T21+T22,2) -> 573.36 | U19: =ROUND(U20+U21+U22,2) -> 142.36 | V19: 9018
A20: 373200 | B20: Betoneira 600 l gasolina | C20: 29.53 | D20: 6.67 | F20: EQ_AX05 | G20: Cavalo mecânico estradeiro 6 x 4, PBT 23.000 kg - 364 kW - motorista de veículo especial | I20: 364 | J20: 7 | K20: 2000 | L20: 930566.68 | M20: 0.9 | N20: Diesel | O20: =(L20*(1-S20/100)*(1+$C$5)^J20)*($C$5/((1+$C$5)^J20-1))*(1/K20) -> 50.009124 | P20: =L20*M20/(K20*J20) -> 59.822144 | Q20: =$D$7*I20*$C$7 -> 327.5454 | R20: =MO!E27 -> 34.69 | S20: 40 | T20: =O20+P20+Q20+R20 -> 472.06667 | U20: =O20+R20 -> 84.699124
A21: 340310 | B21: Bomba esgotamento 3" | C21: 34.07 | D21: 6.78 | F21: EQ_AX06 | G21: Semirreboque com 4 eixos | I21: 0 | J21: 12 | K21: 1000 | L21: 491470 | M21: 0.9 | N21: Diesel | O21: =(L21*(1-S21/100)*(1+$C$5)^J21)*($C$5/((1+$C$5)^J21-1))*(1/K21) -> 46.896865 | P21: =L21*M21/(K21*J21) -> 36.86025 | Q21: =$D$7*I21*$C$7 -> 0 | S21: 20 | T21: =O21+P21+Q21+R21 -> 83.757115 | U21: =O21+R21 -> 46.896865
A22: 306000 | B22: Caldeira de asfalto reboc. 4000 l a gasolina | C22: 54.32 | D22: 36.01 | F22: EQ_AX07 | G22: Dolly intermediário com 2 eixos para semirreboque | I22: 0 | J22: 12 | K22: 1000 | L22: 90270 | M22: 0.9 | O22: =(L22*(1-S22/100)*(1+$C$5)^J22)*($C$5/((1+$C$5)^J22-1))*(1/K22) -> 10.767137 | P22: =L22*M22/(K22*J22) -> 6.77025 | Q22: =$D$7*I22*$C$7 -> 0 | T22: =O22+P22+Q22+R22 -> 17.537387 | U22: =O22+R22 -> 10.767137
A23: 316060 | B23: Cam. bascul. 1419 6m3 leve | C23: 256.65 | D23: 78.77
A24: 326060 | B24: Cam. bascul. 1419-C 6m3 média | C24: 275.95 | D24: 82.97
A25: 336060 | B25: Cam. bascul. 1419-C 6m3 severa | C25: 300.79 | D25: 88.4
A26: 313180 | B26: Cam. bascul. 1635/45 12m3 leve | C26: 383.7 | D26: 96.82
A27: 323180 | B27: Cam. bascul. 1635/45 12m3 média | C27: 410.9 | D27: 102.74
A28: 333180 | B28: Cam. bascul. 1635/45 12m3 severa | C28: 445.9 | D28: 110.39
B29: Cam. bascul. 1635/45 14m3 média (323514) | H29: Depreciação e Juros: | M29: Hora produtiva:
A30: 313140 | B30: Cam. bascul. 2426/48 6m3 leve | C30: 298.35 | D30: 83.18
A31: 323140 | B31: Cam. bascul. 2426/48 6m3 média | C31: 319.57 | D31: 87.8
A32: 333140 | B32: Cam. bascul. 2426/48 6m3 severa | C32: 346.9 | D32: 93.77
A33: 321800 | B33: Cam. bascul. 2426/48 8m3 média | C33: 321.66 | D33: 88.72
A34: 321820 | B34: Cam. bascul. 2426/48 10m3 média | C34: 322.3 | D34: 89.01 | H34: Manutenção: | M34: Hora improdutiva:
A35: 322140 | B35: Cam. bascul. 2730/36 5m3 média | C35: 345.26 | D35: 89.33
A36: 336090 | B36: Cam. caçamba minério 10m3 severa | C36: 358.9 | D36: 102.25
A37: 343800 | B37: Cam. chassi VM-390 p/ microrevestimento | C37: 369.34 | D37: 77.31
A38: 346050 | B38: Cam. chassi 1419 | C38: 238.99 | D38: 75.56
A39: 346010 | B39: Cam. chassi 1726 p/ carroceria | C39: 280.02 | D39: 72.91 | H39: Materiais de Operação:
A40: 341800 | B40: Cam. chassi 1726 p/ lama asfáltica | C40: 283.14 | D40: 76.03
A41: 342300 | B41: Cam. chassi 18.210 | C41: 243.27 | D41: 72.21
A42: 326280 | B42: Caminhão betoneira 8 m³ | C42: 344.9 | D42: 97.72
A43: 346020 | B43: Caminhão c/ guindauto | C43: 275.76 | D43: 93.34
A44: 346090 | B44: Caminhão carroceria cabine dupla | C44: 204.78 | D44: 65.02
A45: 346000 | B45: Caminhão carroceria 1419 14 t | C45: 242.7 | D45: 77.38
A46: 346080 | B46: Caminhão carroceria 815/37 6 t | C46: 192.49 | D46: 58.99
A47: 346220 | B47: Caminhão com guindaste com cesto | C47: 346.81 | D47: 105.81
A48: 346030 | B48: Caminhão comboio abastecedor | C48: 253.06 | D48: 79.4
A49: 346060 | B49: Caminhão irrigador 6000 l | C49: 252.29 | D49: 76.79
A50: 346070 | B50: Caminhão pipa 6000 l | C50: 247.13 | D50: 76.49
A51: 340030 | B51: Caminhão silo 30m³ | C51: 352.72 | D51: 119.18
B52: Caminhão transp. material asfáltico (300110)
A53: 370100 | B53: Caminhonete cabine dupla 4x4 pot. mín.120 HP(c/motor.) | C53: 164.63 | D53: 48.33
A54: 370140 | B54: Caminhonete cabine dupla 4x4 pot. mín.120 HP(s/motor.) | C54: 138.53 | D54: 22.23
A55: 320550 | B55: Carreg. frontal pneus L 60-H média | C55: 315.59 | D55: 117.99
A56: 319300 | B56: Carreg. frontal pneus 924-K leve | C56: 299.63 | D56: 109.84
A57: 329300 | B57: Carreg. frontal pneus 924-K média | C57: 334.11 | D57: 118.28
A58: 339300 | B58: Carreg. frontal pneus 924-K severa | C58: 394.73 | D58: 129.59
A59: 319660 | B59: Carreg. frontal pneus 950-L leve | C59: 511.14 | D59: 189.28
A60: 329660 | B60: Carreg. frontal pneus 950-L média | C60: 563.86 | D60: 206.65
A61: 339660 | B61: Carreg. frontal pneus 950-L severa | C61: 674.27 | D61: 229.91
A62: 306010 | B62: Carreta de perfuração | C62: 438.3 | D62: 319.87
A63: 301800 | B63: Carrinho de concretagem 80 l | C63: 0.36 | D63: 0.25
A64: 310030 | B64: Central dosadora de concreto capac. 30 m3/h | C64: 102.58 | D64: 84.87
... A106: 343600 | B106: Grupo gerador 450 KVA | C106: 450.85 | D106: 35.15
A107: 396920 | B107: Guindaste móvel sobre esteiras com capacidade de 40 t - 186 kW
A108: 337000 | B108: Hidrocompressor 3700 lb/3,675 Kw | C108: 6.64 | D108: 2.31
A109: 370440 | B109: Máquina pintura de faixas | C109: 220.87 | D109: 98.29
A110: 307050 | B110: Martelete elétrico TE-A22 | C110: 0.97 | D110: 0.68
A111: 307000 | B111: Martelete elétrico TE-70 | C111: 6.73 | D111: 4.7
A112: 300050 | B112: Mesa vibrat. completa elétrica | C112: 3.09 | D112: 2.16
A113: 370020 | B113: Microônibus transporte urbano capacidade 16 pessoas | C113: 226.94 | D113: 77.81
A114: 370030 | B114: Microônibus transporte urbano capacidade 30 pessoas | C114: 230.02 | D114: 79.32
A115: 344500 | B115: Microtrator c/ pulverizador 450 l | C115: 56.1 | D115: 36.43
A116: 352500 | B116: Minicarregadeira de pneus S-650 c/fresadora asf. a frio L<=1,00m c/vassoura | C116: 251.49 | D116: 103.2
A117: 312000 | B117: Minicarregadeira de pneus S-650 c/valetadeira mecânica WS-24 | C117: 251.49 | D117: 103.2
A118: 327530 | B118: Minicarregadeira de pneus 226-B c/vassoura | C118: 142.86 | D118: 62.11
A119: 311400 | B119: Motoniveladora c/ escarificador 140-K leve | C119: 387.86 | D119: 123.7
... A134: 306580 | B134: Perfuratriz manual 24 kg | C134: 7.3 | D134: 5.14
A135: 399798 | B135: Perfuratriz hidráulica rotopercussiva - 123 kW
A136: 399516 | B136: Perfuratriz hidráulica sobre esteiras - 283 kW
A137: 399517 | B137: Perfuratriz hidráulica sobre esteiras com clamshell - 220 kW
A138: 300030 | B138: Prancha p/ carreta (25 t) | C138: 31.18 | D138: 22.13
A139: 325020 | B139: Recicl. a frio WR-240 p/asp.água/emulsão | C139: 1950.82 | D139: 746.05
A140: 325010 | B140: Recicl. a frio WR-240 p/espuma de asfalto | C140: 2235.24 | D140: 894.91
A141: 325200 | B141: Recicladora a frio RM-400 | C141: 2426.79 | D141: 1094.07
A142: 325250 | B142: Recicladora a frio RM-500 | C142: 2482.05 | D142: 1061.3
A143: 325150 | B143: Recicladora a frio RS-460 | C143: 1541.1 | D143: 681.84
A144: 371150 | B144: Régua vibratória treliçada L<=6,00m | C144: 19.91 | D144: 3.59
A145: 312520 | B145: Retroescavadeira 580N leve | C145: 145.67 | D145: 56.32
A146: 322520 | B146: Retroescavadeira 580N média | C146: 159.4 | D146: 58.95
A147: 332520 | B147: Retroescavadeira 580N severa | C147: 177.07 | D147: 62.35
A148: 342200 | B148: Roçadeira costal | C148: 3.44 | D148: 0.26
A149: 340140 | B149: Rolo liso autopropelido VAP-55 P | C149: 179.59 | D149: 71.6
... A211: 340410 | B211: Vibro acabadora esteiras | C211: 429.5 | D211: 203.77
A212: EQ001 | B212: Cavalo mecânico com semirreboque com capacidade de 22 t - 240 kW | C212: =T13 -> 430.57 | D212: =U13 -> 108.12
A213: EQ002 | B213: Cavalo mecânico com semirreboque com capacidade de 30 t - 265 kW | C213: =T16 -> 478.04 | D213: =U16 -> 120.15

Sheet MD_EQ
A1: TRECHO - Pavimentação e Recape Asfáltico da Avenida Guadalajara
A2: GUAPIRAMA/PR
A3: DER/PR -Agosto/2025 (com desoneração)
A4: DMT P (km) - média da região | K4: Noroeste | M4: =VLOOKUP(K4,DMT!$B$26:$F$30,4,0) -> 521.5
A5: DMT RP (km) - média da região | K5: Noroeste | M5: =VLOOKUP(K5,DMT!$B$26:$F$30,5,0) -> 31.5
A6: Velocidade Média de Transporte (km/h) - Pavimentado | M6: 60
A7: Velocidade Média de Transporte (km/h) - Revestimento Primário | M7: 40
A8: Prazo de execução - mês/meses | M8: 10
A9: Horas globais/ mês trabalháveis | M9: 182.49
A10: MOBILIZAÇÃO DE EQUIPAMENTOS
A11: CÓDIGO | B11: DESCRIÇÃO | C11: DM P (km) | D11: DM RP (km) | E11: QUANTIDADE HORAS PROJETO | F11: QUANTIDADE | G11: K | H11: FU | I11: TRANSPORTE | J11: CH TRANSPORTE | K11: Nº EIXOS | L11: PEDÁGIO | M11: CUSTO DE MOBILIZAÇÃO
A12: 304000 | B12: =VLOOKUP(A12,CHP!$A$13:D$211,2,0) -> Bate estacas leve | C12: =$M$4 -> 521.5 | D12: =$M$5 -> 31.5 | E12: =IFERROR(VLOOKUP($A12,'hora.Equip.obra'!$A$2:$C$68,3,0),0) -> 0 | F12: =ROUNDUP(E12/($M$9*$M$8),0) -> 0 | G12: =IF(A12=I12,1,2) -> 2 | H12: =VLOOKUP(A12,'Transporte - FU'!$A$3:$C$168,3,0) -> 1 | I12: =VLOOKUP(A12,'Transporte - FU'!$A$3:$C$166,2,0) -> EQ002 | J12: =VLOOKUP(I12,CHP!$A$13:$D$215,3,0) -> 478.04 | K12: - | L12: =IF(E12<>0,VLOOKUP(A12,Pedagios!$A$11:$AM$206,6,0),0) -> 0 | M12: =IFERROR(((C12*G12*H12)/$M$6+(D12*G12*H12)/$M$7)*J12*F12,0)+(F12*L12) -> 0
A13: 316060 | B13: =VLOOKUP(A13,CHP!$A$13:D$211,2,0) -> Cam. bascul. 1419 6m3 leve | C13: =$M$4 -> 521.5 | D13: =$M$5 -> 31.5 | E13: =IFERROR(VLOOKUP($A13,'hora.Equip.obra'!$A$2:$C$68,3,0),0) -> 0 | F13: =ROUNDUP(E13/($M$9*$M$8),0) -> 0 | G13: =IF(A13=I13,1,2) -> 1 | H13: =VLOOKUP(A13,'Transporte - FU'!$A$3:$C$168,3,0) -> 1 | I13: =VLOOKUP(A13,'Transporte - FU'!$A$3:$C$166,2,0) -> 316060 | J13: =VLOOKUP(I13,CHP!$A$13:$D$215,3,0) -> 256.65 | K13: - | L13: =IF(E13<>0,VLOOKUP(A13,Pedagios!$A$11:$AM$206,6,0),0) -> 0 | M13: =IFERROR(((C13*G13*H13)/$M$6+(D13*G13*H13)/$M$7)*J13*F13,0)+(F13*L13) -> 0
A14: 326060 | B14: =VLOOKUP(A14,CHP!$A$13:D$211,2,0) -> Cam. bascul. 1419-C 6m3 média | C14: =$M$4 -> 521.5 | D14: =$M$5 -> 31.5 | E14: =IFERROR(VLOOKUP($A14,'hora.Equip.obra'!$A$2:$C$68,3,0),0) -> 0 | F14: =ROUNDUP(E14/($M$9*$M$8),0) -> 0 | G14: =IF(A14=I14,1,2) -> 1 | H14: =VLOOKUP(A14,'Transporte - FU'!$A$3:$C$168,3,0) -> 1 | I14: =VLOOKUP(A14,'Transporte - FU'!$A$3:$C$166,2,0) -> 326060 | J14: =VLOOKUP(I14,CHP!$A$13:$D$215,3,0) -> 275.95 | K14: - | L14: =IF(E14<>0,VLOOKUP(A14,Pedagios!$A$11:$AM$206,6,0),0) -> 0 | M14: =IFERROR(((C14*G14*H14)/$M$6+(D14*G14*H14)/$M$7)*J14*F14,0)+(F14*L14) -> 0
A15: 336060 | B15: =VLOOKUP(A15,CHP!$A$13:D$211,2,0) -> Cam. bascul. 1419-C 6m3 severa | C15: =$M$4 -> 521.5 | D15: =$M$5 -> 31.5 | E15: =IFERROR(VLOOKUP($A15,'hora.Equip.obra'!$A$2:$C$68,3,0),0) -> 0 | F15: =ROUNDUP(E15/($M$9*$M$8),0) -> 0 | G15: =IF(A15=I15,1,2) -> 1 | H15: =VLOOKUP(A15,'Transporte - FU'!$A$3:$C$168,3,0) -> 1 | I15: =VLOOKUP(A15,'Transporte - FU'!$A$3:$C$166,2,0) -> 336060 | J15: =VLOOKUP(I15,CHP!$A$13:$D$215,3,0) -> 300.79 | K15: - | L15: =IF(E15<>0,VLOOKUP(A15,Pedagios!$A$11:$AM$206,6,0),0) -> 0 | M15: =IFERROR(((C15*G15*H15)/$M$6+(D15*G15*H15)/$M$7)*J15*F15,0)+(F15*L15) -> 0
A16: 313180 | B16: =VLOOKUP(A16,CHP!$A$13:D$211,2,0) -> Cam. bascul. 1635/45 12m3 leve | C16: =$M$4 -> 521.5 | D16: =$M$5 -> 31.5 | E16: =IFERROR(VLOOKUP($A16,'hora.Equip.obra'!$A$2:$C$68,3,0),0) -> 372.3293 | F16: =ROUNDUP(E16/($M$9*$M$8),0) -> 1 | G16: =IF(A16=I16,1,2) -> 1 | H16: =VLOOKUP(A16,'Transporte - FU'!$A$3:$C$168,3,0) -> 1 | I16: =VLOOKUP(A16,'Transporte - FU'!$A$3:$C$166,2,0) -> 313180 | J16: =VLOOKUP(I16,CHP!$A$13:$D$215,3,0) -> 383.7 | K16: - | L16: =IF(E16<>0,VLOOKUP(A16,Pedagios!$A$11:$AM$206,6,0),0) -> 102.3 | M16: =IFERROR(((C16*G16*H16)/$M$6+(D16*G16*H16)/$M$7)*J16*F16,0)+(F16*L16) -> 3739.4562
A17: 323180 | B17: =VLOOKUP(A17,CHP!$A$13:D$211,2,0) -> Cam. bascul. 1635/45 12m3 média | C17: =$M$4 -> 521.5 | D17: =$M$5 -> 31.5 | E17: =IFERROR(VLOOKUP($A17,'hora.Equip.obra'!$A$2:$C$68,3,0),0) -> 0 | F17: =ROUNDUP(E17/($M$9*$M$8),0) -> 0 | G17: =IF(A17=I17,1,2) -> 1 | H17: =VLOOKUP(A17,'Transporte - FU'!$A$3:$C$168,3,0) -> 1 | I17: =VLOOKUP(A17,'Transporte - FU'!$A$3:$C$166,2,0) -> 323180 | J17: =VLOOKUP(I17,CHP!$A$13:$D$215,3,0) -> 410.9 | K17: - | L17: =IF(E17<>0,VLOOKUP(A17,Pedagios!$A$11:$AM$206,6,0),0) -> 0 | M17: =IFERROR(((C17*G17*H17)/$M$6+(D17*G17*H17)/$M$7)*J17*F17,0)+(F17*L17) -> 0
A18: 333180 | B18: =VLOOKUP(A18,CHP!$A$13:D$211,2,0) -> Cam. bascul. 1635/45 12m3 severa | C18: =$M$4 -> 521.5 | D18: =$M$5 -> 31.5 | E18: =IFERROR(VLOOKUP($A18,'hora.Equip.obra'!$A$2:$C$68,3,0),0) -> 0 | F18: =ROUNDUP(E18/($M$9*$M$8),0) -> 0 | G18: =IF(A18=I18,1,2) -> 1 | H18: =VLOOKUP(A18,'Transporte - FU'!$A$3:$C$168,3,0) -> 1 | I18: =VLOOKUP(A18,'Transporte - FU'!$A$3:$C$166,2,0) -> 333180 | J18: =VLOOKUP(I18,CHP!$A$13:$D$215,3,0) -> 445.9 | K18: - | L18: =IF(E18<>0,VLOOKUP(A18,Pedagios!$A$11:$AM$206,6,0),0) -> 0 | M18: =IFERROR(((C18*G18*H18)/$M$6+(D18*G18*H18)/$M$7)*J18*F18,0)+(F18*L18) -> 0
A19: 313140 | B19: =VLOOKUP(A19,CHP!$A$13:D$211,2,0) -> Cam. bascul. 2426/48 6m3 leve | C19: =$M$4 -> 521.5 | D19: =$M$5 -> 31.5 | E19: =IFERROR(VLOOKUP($A19,'hora.Equip.obra'!$A$2:$C$68,3,0),0) -> 0 | F19: =ROUNDUP(E19/($M$9*$M$8),0) -> 0 | G19: =IF(A19=I19,1,2) -> 1 | H19: =VLOOKUP(A19,'Transporte - FU'!$A$3:$C$168,3,0) -> 1 | I19: =VLOOKUP(A19,'Transporte - FU'!$A$3:$C$166,2,0) -> 313140 | J19: =VLOOKUP(I19,CHP!$A$13:$D$215,3,0) -> 298.35 | K19: - | L19: =IF(E19<>0,VLOOKUP(A19,Pedagios!$A$11:$AM$206,6,0),0) -> 0 | M19: =IFERROR(((C19*G19*H19)/$M$6+(D19*G19*H19)/$M$7)*J19*F19,0)+(F19*L19) -> 0
A20: 323140 | B20: =VLOOKUP(A20,CHP!$A$13:D$211,2,0) -> Cam. bascul. 2426/48 6m3 média | C20: =$M$4 -> 521.5 | D20: =$M$5 -> 31.5 | E20: =IFERROR(VLOOKUP($A20,'hora.Equip.obra'!$A$2:$C$68,3,0),0) -> 0 | F20: =ROUNDUP(E20/($M$9*$M$8),0) -> 0 | G20: =IF(A20=I20,1,2) -> 1 | H20: =VLOOKUP(A20,'Transporte - FU'!$A$3:$C$168,3,0) -> 1 | I20: =VLOOKUP(A20,'Transporte - FU'!$A$3:$C$166,2,0) -> 323140 | J20: =VLOOKUP(I20,CHP!$A$13:$D$215,3,0) -> 319.57 | K20: - | L20: =IF(E20<>0,VLOOKUP(A20,Pedagios!$A$11:$AM$206,6,0),0) -> 0 | M20: =IFERROR(((C20*G20*H20)/$M$6+(D20*G20*H20)/$M$7)*J20*F20,0)+(F20*L20) -> 0
A21: 333140 | B21: =VLOOKUP(A21,CHP!$A$13:D$211,2,0) -> Cam. bascul. 2426/48 6m3 severa | C21: =$M$4 -> 521.5 | D21: =$M$5 -> 31.5 | E21: =IFERROR(VLOOKUP($A21,'hora.Equip.obra'!$A$2:$C$68,3,0),0) -> 0 | F21: =ROUNDUP(E21/($M$9*$M$8),0) -> 0 | G21: =IF(A21=I21,1,2) -> 1 | H21: =VLOOKUP(A21,'Transporte - FU'!$A$3:$C$168,3,0) -> 1 | I21: =VLOOKUP(A21,'Transporte - FU'!$A$3:$C$166,2,0) -> 333140 | J21: =VLOOKUP(I21,CHP!$A$13:$D$215,3,0) -> 346.9 | K21: - | L21: =IF(E21<>0,VLOOKUP(A21,Pedagios!$A$11:$AM$206,6,0),0) -> 0 | M21: =IFERROR(((C21*G21*H21)/$M$6+(D21*G21*H21)/$M$7)*J21*F21,0)+(F21*L21) -> 0
A22: 321800 | B22: =VLOOKUP(A22,CHP!$A$13:D$211,2,0) -> Cam. bascul. 2426/48 8m3 média | C22: =$M$4 -> 521.5 | D22: =$M$5 -> 31.5 | E22: =IFERROR(VLOOKUP($A22,'hora.Equip.obra'!$A$2:$C$68,3,0),0) -> 0 | F22: =ROUNDUP(E22/($M$9*$M$8),0) -> 0 | G22: =IF(A22=I22,1,2) -> 1 | H22: =VLOOKUP(A22,'Transporte - FU'!$A$3:$C$168,3,0) -> 1 | I22: =VLOOKUP(A22,'Transporte - FU'!$A$3:$C$166,2,0) -> 321800 | J22: =VLOOKUP(I22,CHP!$A$13:$D$215,3,0) -> 321.66 | K22: - | L22: =IF(E22<>0,VLOOKUP(A22,Pedagios!$A$11:$AM$206,6,0),0) -> 0 | M22: =IFERROR(((C22*G22*H22)/$M$6+(D22*G22*H22)/$M$7)*J22*F22,0)+(F22*L22) -> 0
A23: 321820 | B23: =VLOOKUP(A23,CHP!$A$13:D$211,2,0) -> Cam. bascul. 2426/48 10m3 média | C23: =$M$4 -> 521.5 | D23: =$M$5 -> 31.5 | E23: =IFERROR(VLOOKUP($A23,'hora.Equip.obra'!$A$2:$C$68,3,0),0) -> 205.1347 | F23: =ROUNDUP(E23/($M$9*$M$8),0) -> 1 | G23: =IF(A23=I23,1,2) -> 1 | H23: =VLOOKUP(A23,'Transporte - FU'!$A$3:$C$168,3,0) -> 1 | I23: =VLOOKUP(A23,'Transporte - FU'!$A$3:$C$166,2,0) -> 321820 | J23: =VLOOKUP(I23,CHP!$A$13:$D$215,3,0) -> 322.3 | K23: - | L23: =IF(E23<>0,VLOOKUP(A23,Pedagios!$A$11:$AM$206,6,0),0) -> 102.3 | M23: =IFERROR(((C23*G23*H23)/$M$6+(D23*G23*H23)/$M$7)*J23*F23,0)+(F23*L23) -> 3157.4354
... A149: 340410 | B149: =VLOOKUP(A149,CHP!$A$13:D$211,2,0) -> Vibro acabadora esteiras | C149: =$M$4 -> 521.5 | D149: =$M$5 -> 31.5 | E149: =IFERROR(VLOOKUP($A149,'hora.Equip.obra'!$A$2:$C$68,3,0),0) -> 69.8244 | F149: =ROUNDUP(E149/($M$9*$M$8),0) -> 1 | G149: =IF(A149=I149,1,2) -> 2 | H149: =VLOOKUP(A149,'Transporte - FU'!$A$3:$C$168,3,0) -> 0.5 | I149: =VLOOKUP(A149,'Transporte - FU'!$A$3:$C$166,2,0) -> EQ001 | J149: =VLOOKUP(I149,CHP!$A$13:$D$215,3,0) -> 430.57 | K149: - | L149: =IF(E149<>0,VLOOKUP(A149,Pedagios!$A$11:$AM$206,6,0),0) -> 136.4 | M149: =IFERROR(((C149*G149*H149)/$M$6+(D149*G149*H149)/$M$7)*J149*F149,0)+(F149*L149) -> 4217.8448
A150: 370080 | B150: =VLOOKUP(A150,CHP!$A$13:D$211,2,0) -> Automóvel leve pot. mín. 75 HP(s/motor.) | C150: =$M$4 -> 521.5 | D150: =$M$5 -> 31.5 | F150: 1 | G150: =IF(A150=I150,1,2) -> 1 | H150: =VLOOKUP(A150,'Transporte - FU'!$A$3:$C$168,3,0) -> 1 | I150: =VLOOKUP(A150,'Transporte - FU'!$A$1:$C$190,2,0) -> 370080 | J150: =VLOOKUP(I150,CHP!$A$13:$D$215,3,0) -> 116.77 | K150: - | L150: =IF(F150<>0,VLOOKUP(A150,Pedagios!$A$11:$AM$206,6,0),0) -> 34.1 | M150: =IFERROR(((C150*G150*H150)/$M$6+(D150*G150*H150)/$M$7)*J150*F150,0)+(F150*L150) -> 1140.9823
A151: 370140 | B151: =VLOOKUP(A151,CHP!$A$13:D$211,2,0) -> Caminhonete cabine dupla 4x4 pot. mín.120 HP(s/motor.) | C151: =$M$4 -> 521.5 | D151: =$M$5 -> 31.5 | G151: =IF(A151=I151,1,2) -> 1 | H151: =VLOOKUP(A151,'Transporte - FU'!$A$3:$C$168,3,0) -> 1 | I151: =VLOOKUP(A151,'Transporte - FU'!$A$1:$C$190,2,0) -> 370140 | J151: =VLOOKUP(I151,CHP!$A$13:$D$215,3,0) -> 138.53 | K151: - | L151: =IF(F151<>0,VLOOKUP(A151,Pedagios!$A$11:$AM$206,6,0),0) -> 0 | M151: =IFERROR(((C151*G151*H151)/$M$6+(D151*G151*H151)/$M$7)*J151*F151,0)+(F151*L151) -> 0
A152: 370160 | B152: =VLOOKUP(A152,CHP!$A$13:D$211,2,0) -> Veículo utilitário pot. min. 114 HP(s/motor.) | C152: =$M$4 -> 521.5 | D152: =$M$5 -> 31.5 | G152: =IF(A152=I152,1,2) -> 1 | H152: =VLOOKUP(A152,'Transporte - FU'!$A$3:$C$168,3,0) -> 1 | I152: =VLOOKUP(A152,'Transporte - FU'!$A$1:$C$190,2,0) -> 370160 | J152: =VLOOKUP(I152,CHP!$A$13:$D$215,3,0) -> 190.95 | K152: - | L152: =IF(F152<>0,VLOOKUP(A152,Pedagios!$A$11:$AM$206,6,0),0) -> 0 | M152: =IFERROR(((C152*G152*H152)/$M$6+(D152*G152*H152)/$M$7)*J152*F152,0)+(F152*L152) -> 0
A153: 370020 | B153: =VLOOKUP(A153,CHP!$A$13:D$211,2,0) -> Microônibus transporte urbano capacidade 16 pessoas | C153: =$M$4 -> 521.5 | D153: =$M$5 -> 31.5 | G153: =IF(A153=I153,1,2) -> 1 | H153: =VLOOKUP(A153,'Transporte - FU'!$A$3:$C$168,3,0) -> 1 | I153: =VLOOKUP(A153,'Transporte - FU'!$A$1:$C$190,2,0) -> 370020 | J153: =VLOOKUP(I153,CHP!$A$13:$D$215,3,0) -> 226.94 | K153: - | L153: =IF(F153<>0,VLOOKUP(A153,Pedagios!$A$11:$AM$206,6,0),0) -> 0 | M153: =IFERROR(((C153*G153*H153)/$M$6+(D153*G153*H153)/$M$7)*J153*F153,0)+(F153*L153) -> 0
A154: 370030 | B154: =VLOOKUP(A154,CHP!$A$13:D$211,2,0) -> Microônibus transporte urbano capacidade 30 pessoas | C154: =$M$4 -> 521.5 | D154: =$M$5 -> 31.5 | F154: 1 | G154: =IF(A154=I154,1,2) -> 1 | H154: =VLOOKUP(A154,'Transporte - FU'!$A$3:$C$168,3,0) -> 1 | I154: =VLOOKUP(A154,'Transporte - FU'!$A$1:$C$190,2,0) -> 370030 | J154: =VLOOKUP(I154,CHP!$A$13:$D$215,3,0) -> 230.02 | K154: - | L154: =IF(F154<>0,VLOOKUP(A154,Pedagios!$A$11:$AM$206,6,0),0) -> 68.2 | M154: =IFERROR(((C154*G154*H154)/$M$6+(D154*G154*H154)/$M$7)*J154*F154,0)+(F154*L154) -> 2248.5979
A155: 370000 | B155: =VLOOKUP(A155,CHP!$A$13:D$211,2,0) -> Veiculo transporte coletivo 40 passageiros | C155: =$M$4 -> 521.5 | D155: =$M$5 -> 31.5 | G155: =IF(A155=I155,1,2) -> 1 | H155: =VLOOKUP(A155,'Transporte - FU'!$A$3:$C$168,3,0) -> 1 | I155: =VLOOKUP(A155,'Transporte - FU'!$A$1:$C$190,2,0) -> 370000 | J155: =VLOOKUP(I155,CHP!$A$13:$D$215,3,0) -> 391.07 | K155: - | L155: =IF(F155<>0,VLOOKUP(A155,Pedagios!$A$11:$AM$206,6,0),0) -> 0 | M155: =IFERROR(((C155*G155*H155)/$M$6+(D155*G155*H155)/$M$7)*J155*F155,0)+(F155*L155) -> 0
A156: CUSTO FINAL DA MOBILIZAÇÃO DE EQUIPAMENTOS | M156: =SUM(M12:M155) -> 179580.14
A158: CUSTO FINAL DA MOBILIZAÇÃO E DESMOBILIZAÇÃO - COM DESONERAÇÃO | M158: =M156*2 -> 359160.27
A159: A cada mobilização corresponderá uma desmobilização. O cálculo do custo da desmobilização será igual ao da mobilização
L160: c/BDI | M160: =TRUNC(M158*1.2549,2) -> 450710.22
C165: (assinado e datado eletronicamente)
C166: José Augusto Davanço
C167: Engenheiro Civil - Crea 166826/D

Sheet MO
A1: Data Base: 31/08/2025 (Com desoneração)
D2: Salário Base: | E2: 1518
D3: Encargos sociais: | E3: 1.4892
A4: CÓDIGO | B4: DESCRIÇÃO | C4: UNIDADE | D4: MO ALOJADA | E4: SALÁRIO HORA
A5: MO ORDINÁRIA | E5: 1.4892
A6: 200230 | B6: Armador | C6: hora | E6: 34.69
A7: 210040 | B7: Blaster | C7: hora | E7: 28.68
A8: 200110 | B8: Calceteiro | C8: hora | E8: 28.68
A9: 200210 | B9: Cancheiro | C9: hora | E9: 26.1
A10: 200240 | B10: Carpinteiro | C10: hora | E10: 34.69
A11: 200311 | B11: Classificador de madeira | C11: hora | E11: 28.68
A12: 210150 | B12: Eletricista | C12: hora | E12: 34.69
A13: 200150 | B13: Equipe Carreta Perfuração | C13: hora | E13: 60.11 | G13: 1 operador da pesada + 1 servente
A14: 200100 | B14: Equipe Conjunto de Britagem | C14: hora | E14: 90.17 | G14: 1 operador de nível V + 2 serventes
A15: 200000 | B15: Equipe Usina Asfalto | C15: hora | E15: 136.37 | G15: 1 operador da pesada + 4 serventes
A16: 200070 | B16: Equipe Usina Solos B. Graduada | C16: hora | E16: 85.53 | G16: 1 operador da pesada + 2 serventes
A17: 200080 | B17: Equipe Usina Solos c/dosador asfalto | C17: hora | E17: 85.53 | G17: 1 operador da pesada + 2 serventes
A18: 200090 | B18: Equipe Usina Solos c/dosador cimento | C18: hora | E18: 85.53 | G18: 1 operador da pesada + 2 serventes
A19: 200200 | B19: Marroeiro | C19: hora | E19: 28.68
A20: 200060 | B20: Marteleteiro | C20: hora | E20: 26.1
A21: 200290 | B21: Montador | C21: hora | E21: 28.68
A22: 200170 | B22: Motorista transp. asfalto | C22: hora | E22: 34.69
A23: 200140 | B23: Motorista veículo leve | C23: hora | E23: 26.1
A24: 200180 | B24: Motorista veículo médio | C24: hora | E24: 28.68
A25: 210020 | B25: Motorista veículo pesado | C25: hora | E25: 34.69
A26: 200120 | B26: Operador da leve | C26: hora | E26: 28.68
A27: 210050 | B27: Operador da pesada | C27: hora | E27: 34.69
A28: 200160 | B28: Operador de equipamentos manuais | C28: hora | E28: 26.1
A29: 200260 | B29: Pedreiro | C29: hora | E29: 34.69
A30: 200270 | B30: Pintor | C30: hora | E30: 34.69
... A37: 210080 | B37: Topógrafo | C37: hora | E37: 39.33
A38: MO ADM. LOCAL | E38: 0.9851
A39: MO001 | B39: Engenheiro Chefe | C39: mês | E39: =TRUNC((15.3*$E$2)*1.9851,2) -> 46104.74
A40: MO002 | B40: Engenheiro Pleno | C40: mês | E40: =TRUNC((11.1*$E$2)*1.9851,2) -> 33448.53
A41: MO003 | B41: Engenheiro Auxiliar | C41: mês | E41: =TRUNC((8.5*$E$2)*1.9851,2) -> 25613.74
A42: MO004 | B42: Técnico Nível Médio Estradas | C42: mês | E42: =TRUNC((2.6*$E$2)*1.9851,2) -> 7834.79
A43: MO005 | B43: Desenhista | C43: mês | E43: =TRUNC((2.6*$E$2)*1.9851,2) -> 7834.79
A44: MO006 | B44: Engenheiro em Meio Ambiente | C44: mês | E44: =TRUNC((8.5*$E$2)*1.9851,2) -> 25613.74
A45: MO007 | B45: Técnico Especializado | C45: mês | E45: =TRUNC((3.4*$E$2)*1.9851,2) -> 10245.49
A46: MO008 | B46: Engenheiro de Segurança do Trabalho | C46: mês | E46: =TRUNC((9.4*$E$2)*1.9851,2) -> 28325.78
A47: MO009 | B47: Médico de Segurança do Trabalho | C47: mês | E47: =TRUNC((8.5*$E$2)*1.9851,2) -> 25613.74
A48: MO010 | B48: Técnico de Segurança do Trabalho | C48: mês | E48: =TRUNC((2.6*$E$2)*1.9851,2) -> 7834.79
A49: MO011 | B49: Topógrafo | C49: mês | E49: =TRUNC((2.6*$E$2)*1.9851,2) -> 7834.79
A50: MO012 | B50: Auxiliar de Topografia | C50: mês | E50: =TRUNC((1.79*$E$2)*1.9851,2) -> 5393.95
A51: MO013 | B51: Laboratorista | C51: mês | E51: =TRUNC((2.6*$E$2)*1.9851,2) -> 7834.79
A52: MO014 | B52: Auxiliar de Laboratorista | C52: mês | E52: =TRUNC((1.8*$E$2)*1.9851,2) -> 5424.08
A53: MO015 | B53: Encarregado Geral | C53: mês | E53: =TRUNC((5.1*$E$2)*1.9851,2) -> 15368.24
A54: MO016 | B54: Encarregado Especializado | C54: mês | E54: =TRUNC((3.4*$E$2)*1.9851,2) -> 10245.49
A55: MO017 | B55: Apontador | C55: mês | E55: =TRUNC((1.7*$E$2)*1.9851,2) -> 5122.74
A56: MO018 | B56: Motorista de veículo leve | C56: mês | E56: =TRUNC((1.7*$E$2)*1.9851,2) -> 5122.74
A57: MO019 | B57: Encarregado Administrativo | C57: mês | E57: =TRUNC((4.3*$E$2)*1.9851,2) -> 12957.54
A58: MO020 | B58: Auxiliar Administrativo | C58: mês | E58: =TRUNC((2.6*$E$2)*1.9851,2) -> 7834.79
A59: MO021 | B59: Almoxarife/Comprador | C59: mês | E59: =TRUNC((1.7*$E$2)*1.9851,2) -> 5122.74
A60: MO022 | B60: Recepcionista/ Telefonista | C60: mês | E60: =TRUNC((1.7*$E$2)*1.9851,2) -> 5122.74
A61: MO023 | B61: Faxineira | C61: mês | E61: =TRUNC((1.7*$E$2)*1.9851,2) -> 5122.74
A62: MO024 | B62: Vigia Diurno | C62: mês | E62: =TRUNC((1.7*$E$2)*1.9851,2) -> 5122.74
A63: MO025 | B63: Vigia Noturno | C63: mês | E63: =TRUNC((1.7*$E$2)*1.9851,2) -> 5122.74
A64: MO026 | B64: Servente | C64: mês | E64: =TRUNC((1.7*$E$2)*1.9851,2) -> 5122.74
A65: MO027 | B65: Eletricista | C65: mês | E65: =TRUNC((2.6*$E$2)*1.9851,2) -> 7834.79
A66: MO028 | B66: Carpinteiro | C66: mês | E66: =TRUNC((2.6*$E$2)*1.9851,2) -> 7834.79
B68: MO ALOJADA
B69: sim
B70: não
B72: TIPO DE TRANSPORTE | C72: CUSTO
A73: Adm. Local | B73: Veículo Leve | C73: 0
A74: Adm. Local | B74: Ônibus | C74: 0
A75: Adm. Local | B75: Micro-Ônibus | C75: 0
A76: Adm. Local | B76: Van | C76: 0
A77: Pesquisa | B77: Ônibus interurbano
A78: Pesquisa | B78: Ônibus urbano
A79: Pesquisa | B79: Aéreo
A80: Pesquisa | B80: Metrô

Sheet MD_MO
A1: =MD_EQ!A1 -> TRECHO - Pavimentação e Recape Asfáltico da Avenida Guadalajara
A2: =MD_EQ!A2 -> GUAPIRAMA/PR
A3: DER/PR - Agosto/2025 (com desoneração)
A4: Prazo de execução - mês/meses | L4: 10
A5: Horas globais/ mês trabalháveis | L5: 182.49
A6: Número viagem/mês | L6: 1
A8: MOBILIZAÇÃO DE PESSOAL
A9: CÓDIGO | B9: DESCRIÇÃO | C9: UNIDADE | D9: MO ALOJADA | E9: QUANTIDADE ADM LOCAL | F9: QUANTIDADE HORAS PROJETO | G9: QUANTIDADE | H9: Nº VIAGENS | I9: EFETIVO A SER MOBILIZADO | J9: TIPO DE TRANSPORTE | K9: CUSTO DO TRANSPORTE | L9: CUSTO DE MOBILIZAÇÃO
A10: MO001 | B10: =VLOOKUP(A10,MO!$A:$C,2,0) -> Engenheiro Chefe | C10: =VLOOKUP(A10,MO!$A:$C,3,0) -> mês | D10: =VLOOKUP(A10,MO!$A:$D,4,0) -> 0 | G10: =ROUNDUP(IF(C10="mês",E10,(F10/($L$4*$L$5))),0) -> 0
A11: MO002 | B11: =VLOOKUP(A11,MO!$A:$C,2,0) -> Engenheiro Pleno | C11: =VLOOKUP(A11,MO!$A:$C,3,0) -> mês | D11: =VLOOKUP(A11,MO!$A:$D,4,0) -> 0 | G11: =ROUNDUP(IF(C11="mês",E11,(F11/($L$4*$L$5))),0) -> 0
A12: MO003 | B12: =VLOOKUP(A12,MO!$A:$C,2,0) -> Engenheiro Auxiliar | C12: =VLOOKUP(A12,MO!$A:$C,3,0) -> mês | D12: =VLOOKUP(A12,MO!$A:$D,4,0) -> 0 | E12: 1 | G12: =ROUNDUP(IF(C12="mês",E12,(F12/($L$4*$L$5))),0) -> 1
A13: MO004 | B13: =VLOOKUP(A13,MO!$A:$C,2,0) -> Técnico Nível Médio Estradas | C13: =VLOOKUP(A13,MO!$A:$C,3,0) -> mês | D13: =VLOOKUP(A13,MO!$A:$D,4,0) -> 0 | E13: 1 | G13: =ROUNDUP(IF(C13="mês",E13,(F13/($L$4*$L$5))),0) -> 1
A14: MO005 | B14: =VLOOKUP(A14,MO!$A:$C,2,0) -> Desenhista | C14: =VLOOKUP(A14,MO!$A:$C,3,0) -> mês | D14: =VLOOKUP(A14,MO!$A:$D,4,0) -> 0 | G14: =ROUNDUP(IF(C14="mês",E14,(F14/($L$4*$L$5))),0) -> 0
A15: MO006 | B15: =VLOOKUP(A15,MO!$A:$C,2,0) -> Engenheiro em Meio Ambiente | C15: =VLOOKUP(A15,MO!$A:$C,3,0) -> mês | D15: =VLOOKUP(A15,MO!$A:$D,4,0) -> 0 | G15: =ROUNDUP(IF(C15="mês",E15,(F15/($L$4*$L$5))),0) -> 0
A16: MO007 | B16: =VLOOKUP(A16,MO!$A:$C,2,0) -> Técnico Especializado | C16: =VLOOKUP(A16,MO!$A:$C,3,0) -> mês | D16: =VLOOKUP(A16,MO!$A:$D,4,0) -> 0 | G16: =ROUNDUP(IF(C16="mês",E16,(F16/($L$4*$L$5))),0) -> 0
A17: MO008 | B17: =VLOOKUP(A17,MO!$A:$C,2,0) -> Engenheiro de Segurança do Trabalho | C17: =VLOOKUP(A17,MO!$A:$C,3,0) -> mês | D17: =VLOOKUP(A17,MO!$A:$D,4,0) -> 0 | G17: =ROUNDUP(IF(C17="mês",E17,(F17/($L$4*$L$5))),0) -> 0
A18: MO009 | B18: =VLOOKUP(A18,MO!$A:$C,2,0) -> Médico de Segurança do Trabalho | C18: =VLOOKUP(A18,MO!$A:$C,3,0) -> mês | D18: =VLOOKUP(A18,MO!$A:$D,4,0) -> 0 | G18: =ROUNDUP(IF(C18="mês",E18,(F18/($L$4*$L$5))),0) -> 0
A19: MO010 | B19: =VLOOKUP(A19,MO!$A:$C,2,0) -> Técnico de Segurança do Trabalho | C19: =VLOOKUP(A19,MO!$A:$C,3,0) -> mês | D19: =VLOOKUP(A19,MO!$A:$D,4,0) -> 0 | G19: =ROUNDUP(IF(C19="mês",E19,(F19/($L$4*$L$5))),0) -> 0
A20: MO011 | B20: =VLOOKUP(A20,MO!$A:$C,2,0) -> Topógrafo | C20: =VLOOKUP(A20,MO!$A:$C,3,0) -> mês | D20: =VLOOKUP(A20,MO!$A:$D,4,0) -> 0 | G20: =ROUNDUP(IF(C20="mês",E20,(F20/($L$4*$L$5))),0) -> 0
A21: MO012 | B21: =VLOOKUP(A21,MO!$A:$C,2,0) -> Auxiliar de Topografia | C21: =VLOOKUP(A21,MO!$A:$C,3,0) -> mês | D21: =VLOOKUP(A21,MO!$A:$D,4,0) -> 0 | E21: 1 | G21: =ROUNDUP(IF(C21="mês",E21,(F21/($L$4*$L$5))),0) -> 1
A22: MO013 | B22: =VLOOKUP(A22,MO!$A:$C,2,0) -> Laboratorista | C22: =VLOOKUP(A22,MO!$A:$C,3,0) -> mês | D22: =VLOOKUP(A22,MO!$A:$D,4,0) -> 0 | E22: 1 | G22: =ROUNDUP(IF(C22="mês",E22,(F22/($L$4*$L$5))),0) -> 1
A23: MO014 | B23: =VLOOKUP(A23,MO!$A:$C,2,0) -> Auxiliar de Laboratorista | C23: =VLOOKUP(A23,MO!$A:$C,3,0) -> mês | D23: =VLOOKUP(A23,MO!$A:$D,4,0) -> 0 | G23: =ROUNDUP(IF(C23="mês",E23,(F23/($L$4*$L$5))),0) -> 0
A24: MO015 | B24: =VLOOKUP(A24,MO!$A:$C,2,0) -> Encarregado Geral | C24: =VLOOKUP(A24,MO!$A:$C,3,0) -> mês | D24: =VLOOKUP(A24,MO!$A:$D,4,0) -> 0 | E24: 1 | G24: =ROUNDUP(IF(C24="mês",E24,(F24/($L$4*$L$5))),0) -> 1
A25: MO016 | B25: =VLOOKUP(A25,MO!$A:$C,2,0) -> Encarregado Especializado | C25: =VLOOKUP(A25,MO!$A:$C,3,0) -> mês | D25: =VLOOKUP(A25,MO!$A:$D,4,0) -> 0 | G25: =ROUNDUP(IF(C25="mês",E25,(F25/($L$4*$L$5))),0) -> 0
A26: MO017 | B26: =VLOOKUP(A26,MO!$A:$C,2,0) -> Apontador | C26: =VLOOKUP(A26,MO!$A:$C,3,0) -> mês | D26: =VLOOKUP(A26,MO!$A:$D,4,0) -> 0 | G26: =ROUNDUP(IF(C26="mês",E26,(F26/($L$4*$L$5))),0) -> 0
A27: MO018 | B27: =VLOOKUP(A27,MO!$A:$C,2,0) -> Motorista de veículo leve | C27: =VLOOKUP(A27,MO!$A:$C,3,0) -> mês | D27: =VLOOKUP(A27,MO!$A:$D,4,0) -> 0 | G27: =ROUNDUP(IF(C27="mês",E27,(F27/($L$4*$L$5))),0) -> 0
A28: MO019 | B28: =VLOOKUP(A28,MO!$A:$C,2,0) -> Encarregado Administrativo | C28: =VLOOKUP(A28,MO!$A:$C,3,0) -> mês | D28: =VLOOKUP(A28,MO!$A:$D,4,0) -> 0 | G28: =ROUNDUP(IF(C28="mês",E28,(F28/($L$4*$L$5))),0) -> 0
A29: MO020 | B29: =VLOOKUP(A29,MO!$A:$C,2,0) -> Auxiliar Administrativo | C29: =VLOOKUP(A29,MO!$A:$C,3,0) -> mês | D29: =VLOOKUP(A29,MO!$A:$D,4,0) -> 0 | G29: =ROUNDUP(IF(C29="mês",E29,(F29/($L$4*$L$5))),0) -> 0
A30: MO021 | B30: =VLOOKUP(A30,MO!$A:$C,2,0) -> Almoxarife/Comprador | C30: =VLOOKUP(A30,MO!$A:$C,3,0) -> mês | D30: =VLOOKUP(A30,MO!$A:$D,4,0) -> 0 | G30: =ROUNDUP(IF(C30="mês",E30,(F30/($L$4*$L$5))),0) -> 0
A31: MO022 | B31: =VLOOKUP(A31,MO!$A:$C,2,0) -> Recepcionista/ Telefonista | C31: =VLOOKUP(A31,MO!$A:$C,3,0) -> mês | D31: =VLOOKUP(A31,MO!$A:$D,4,0) -> 0 | G31: =ROUNDUP(IF(C31="mês",E31,(F31/($L$4*$L$5))),0) -> 0
A32: MO023 | B32: =VLOOKUP(A32,MO!$A:$C,2,0) -> Faxineira | C32: =VLOOKUP(A32,MO!$A:$C,3,0) -> mês | D32: =VLOOKUP(A32,MO!$A:$D,4,0) -> 0 | G32: =ROUNDUP(IF(C32="mês",E32,(F32/($L$4*$L$5))),0) -> 0
A33: MO024 | B33: =VLOOKUP(A33,MO!$A:$C,2,0) -> Vigia Diurno | C33: =VLOOKUP(A33,MO!$A:$C,3,0) -> mês | D33: =VLOOKUP(A33,MO!$A:$D,4,0) -> 0 | G33: =ROUNDUP(IF(C33="mês",E33,(F33/($L$4*$L$5))),0) -> 0
A34: MO025 | B34: =VLOOKUP(A34,MO!$A:$C,2,0) -> Vigia Noturno | C34: =VLOOKUP(A34,MO!$A:$C,3,0) -> mês | D34: =VLOOKUP(A34,MO!$A:$D,4,0) -> 0 | G34: =ROUNDUP(IF(C34="mês",E34,(F34/($L$4*$L$5))),0) -> 0
A35: MO026 | B35: =VLOOKUP(A35,MO!$A:$C,2,0) -> Servente | C35: =VLOOKUP(A35,MO!$A:$C,3,0) -> mês | D35: =VLOOKUP(A35,MO!$A:$D,4,0) -> 0 | G35: =ROUNDUP(IF(C35="mês",E35,(F35/($L$4*$L$5))),0) -> 0
A36: MO027 | B36: =VLOOKUP(A36,MO!$A:$C,2,0) -> Eletricista | C36: =VLOOKUP(A36,MO!$A:$C,3,0) -> mês | D36: =VLOOKUP(A36,MO!$A:$D,4,0) -> 0 | G36: =ROUNDUP(IF(C36="mês",E36,(F36/($L$4*$L$5))),0) -> 0
A37: MO028 | B37: =VLOOKUP(A37,MO!$A:$C,2,0) -> Carpinteiro | C37: =VLOOKUP(A37,MO!$A:$C,3,0) -> mês | D37: =VLOOKUP(A37,MO!$A:$D,4,0) -> 0 | G37: =ROUNDUP(IF(C37="mês",E37,(F37/($L$4*$L$5))),0) -> 0
A38: 200230 | B38: =VLOOKUP(A38,MO!$A:$C,2,0) -> Armador | C38: =VLOOKUP(A38,MO!$A:$C,3,0) -> hora | D38: =VLOOKUP(A38,MO!$A:$D,4,0) -> 0 | F38: =IFERROR(VLOOKUP(A38,'hora.mo.obra'!$A$2:$C$29,3,0),0) -> 1815.5373 | G38: =ROUNDUP(IF(C38="mês",E38,(F38/($L$4*$L$5))),0) -> 1
A39: 210040 | B39: =VLOOKUP(A39,MO!$A:$C,2,0) -> Blaster | C39: =VLOOKUP(A39,MO!$A:$C,3,0) -> hora | D39: =VLOOKUP(A39,MO!$A:$D,4,0) -> 0 | F39: =IFERROR(VLOOKUP(A39,'hora.mo.obra'!$A$2:$C$29,3,0),0) -> 0 | G39: =ROUNDUP(IF(C39="mês",E39,(F39/($L$4*$L$5))),0) -> 0
A40: 200110 | B40: =VLOOKUP(A40,MO!$A:$C,2,0) -> Calceteiro | C40: =VLOOKUP(A40,MO!$A:$C,3,0) -> hora | D40: =VLOOKUP(A40,MO!$A:$D,4,0) -> 0 | F40: =IFERROR(VLOOKUP(A40,'hora.mo.obra'!$A$2:$C$29,3,0),0) -> 0 | G40: =ROUNDUP(IF(C40="mês",E40,(F40/($L$4*$L$5))),0) -> 0
A41: 200210 | B41: =VLOOKUP(A41,MO!$A:$C,2,0) -> Cancheiro | C41: =VLOOKUP(A41,MO!$A:$C,3,0) -> hora | D41: =VLOOKUP(A41,MO!$A:$D,4,0) -> 0 | F41: =IFERROR(VLOOKUP(A41,'hora.mo.obra'!$A$2:$C$29,3,0),0) -> 0 | G41: =ROUNDUP(IF(C41="mês",E41,(F41/($L$4*$L$5))),0) -> 0
A42: 200240 | B42: =VLOOKUP(A42,MO!$A:$C,2,0) -> Carpinteiro | C42: =VLOOKUP(A42,MO!$A:$C,3,0) -> hora | D42: =VLOOKUP(A42,MO!$A:$D,4,0) -> 0 | F42: =IFERROR(VLOOKUP(A42,'hora.mo.obra'!$A$2:$C$29,3,0),0) -> 1472.008 | G42: =ROUNDUP(IF(C42="mês",E42,(F42/($L$4*$L$5))),0) -> 1
A43: 200311 | B43: =VLOOKUP(A43,MO!$A:$C,2,0) -> Classificador de madeira | C43: =VLOOKUP(A43,MO!$A:$C,3,0) -> hora | D43: =VLOOKUP(A43,MO!$A:$D,4,0) -> 0 | F43: =IFERROR(VLOOKUP(A43,'hora.mo.obra'!$A$2:$C$29,3,0),0) -> 0 | G43: =ROUNDUP(IF(C43="mês",E43,(F43/($L$4*$L$5))),0) -> 0
A44: 210150 | B44: =VLOOKUP(A44,MO!$A:$C,2,0) -> Eletricista | C44: =VLOOKUP(A44,MO!$A:$C,3,0) -> hora | D44: =VLOOKUP(A44,MO!$A:$D,4,0) -> 0 | F44: =IFERROR(VLOOKUP(A44,'hora.mo.obra'!$A$2:$C$29,3,0),0) -> 0 | G44: =ROUNDUP(IF(C44="mês",E44,(F44/($L$4*$L$5))),0) -> 0
A45: 200150 | B45: =VLOOKUP(A45,MO!$A:$C,2,0) -> Equipe Carreta Perfuração | C45: =VLOOKUP(A45,MO!$A:$C,3,0) -> hora | D45: =VLOOKUP(A45,MO!$A:$D,4,0) -> 0 | F45: =IFERROR(VLOOKUP(A45,'hora.mo.obra'!$A$2:$C$29,3,0),0) -> 0 | G45: =ROUNDUP(IF(C45="mês",E45,(F45/($L$4*$L$5))),0)*2 -> 0
A46: 200100 | B46: =VLOOKUP(A46,MO!$A:$C,2,0) -> Equipe Conjunto de Britagem | C46: =VLOOKUP(A46,MO!$A:$C,3,0) -> hora | D46: =VLOOKUP(A46,MO!$A:$D,4,0) -> 0 | F46: =IFERROR(VLOOKUP(A46,'hora.mo.obra'!$A$2:$C$29,3,0),0) -> 0 | G46: =ROUNDUP(IF(C46="mês",E46,(F46/($L$4*$L$5))),0)*3 -> 0
A47: 200000 | B47: =VLOOKUP(A47,MO!$A:$C,2,0) -> Equipe Usina Asfalto | C47: =VLOOKUP(A47,MO!$A:$C,3,0) -> hora | D47: =VLOOKUP(A47,MO!$A:$D,4,0) -> 0 | F47: =IFERROR(VLOOKUP(A47,'hora.mo.obra'!$A$2:$C$29,3,0),0) -> 110.324 | G47: =ROUNDUP(IF(C47="mês",E47,(F47/($L$4*$L$5))),0)*5 -> 5
A48: 200070 | B48: =VLOOKUP(A48,MO!$A:$C,2,0) -> Equipe Usina Solos B. Graduada | C48: =VLOOKUP(A48,MO!$A:$C,3,0) -> hora | D48: =VLOOKUP(A48,MO!$A:$D,4,0) -> 0 | F48: =IFERROR(VLOOKUP(A48,'hora.mo.obra'!$A$2:$C$29,3,0),0) -> 83.7467 | G48: =ROUNDUP(IF(C48="mês",E48,(F48/($L$4*$L$5))),0)*3 -> 3
A49: 200080 | B49: =VLOOKUP(A49,MO!$A:$C,2,0) -> Equipe Usina Solos c/dosador asfalto | C49: =VLOOKUP(A49,MO!$A:$C,3,0) -> hora | D49: =VLOOKUP(A49,MO!$A:$D,4,0) -> 0 | F49: =IFERROR(VLOOKUP(A49,'hora.mo.obra'!$A$2:$C$29,3,0),0) -> 0 | G49: =ROUNDUP(IF(C49="mês",E49,(F49/($L$4*$L$5))),0)*3 -> 0
A50: 200090 | B50: =VLOOKUP(A50,MO!$A:$C,2,0) -> Equipe Usina Solos c/dosador cimento | C50: =VLOOKUP(A50,MO!$A:$C,3,0) -> hora | D50: =VLOOKUP(A50,MO!$A:$D,4,0) -> 0 | F50: =IFERROR(VLOOKUP(A50,'hora.mo.obra'!$A$2:$C$29,3,0),0) -> 0 | G50: =ROUNDUP(IF(C50="mês",E50,(F50/($L$4*$L$5))),0)*3 -> 0
A51: 200200 | B51: =VLOOKUP(A51,MO!$A:$C,2,0) -> Marroeiro | C51: =VLOOKUP(A51,MO!$A:$C,3,0) -> hora | D51: =VLOOKUP(A51,MO!$A:$D,4,0) -> 0 | F51: =IFERROR(VLOOKUP(A51,'hora.mo.obra'!$A$2:$C$29,3,0),0) -> 0 | G51: =ROUNDUP(IF(C51="mês",E51,(F51/($L$4*$L$5))),0) -> 0
A52: 200060 | B52: =VLOOKUP(A52,MO!$A:$C,2,0) -> Marteleteiro | C52: =VLOOKUP(A52,MO!$A:$C,3,0) -> hora | D52: =VLOOKUP(A52,MO!$A:$D,4,0) -> 0 | F52: =IFERROR(VLOOKUP(A52,'hora.mo.obra'!$A$2:$C$29,3,0),0) -> 0 | G52: =ROUNDUP(IF(C52="mês",E52,(F52/($L$4*$L$5))),0) -> 0
A53: 200290 | B53: =VLOOKUP(A53,MO!$A:$C,2,0) -> Montador | C53: =VLOOKUP(A53,MO!$A:$C,3,0) -> hora | D53: =VLOOKUP(A53,MO!$A:$D,4,0) -> 0 | F53: =IFERROR(VLOOKUP(A53,'hora.mo.obra'!$A$2:$C$29,3,0),0) -> 0 | G53: =ROUNDUP(IF(C53="mês",E53,(F53/($L$4*$L$5))),0) -> 0
A54: 200170 | B54: =VLOOKUP(A54,MO!$A:$C,2,0) -> Motorista transp. asfalto | C54: =VLOOKUP(A54,MO!$A:$C,3,0) -> hora | D54: =VLOOKUP(A54,MO!$A:$D,4,0) -> 0 | F54: =IFERROR(VLOOKUP(A54,'hora.mo.obra'!$A$2:$C$29,3,0),0) -> 138.7875 | G54: =ROUNDUP(IF(C54="mês",E54,(F54/($L$4*$L$5))),0) -> 1
A55: 200140 | B55: =VLOOKUP(A55,MO!$A:$C,2,0) -> Motorista veículo leve | C55: =VLOOKUP(A55,MO!$A:$C,3,0) -> hora | D55: =VLOOKUP(A55,MO!$A:$D,4,0) -> 0 | F55: =IFERROR(VLOOKUP(A55,'hora.mo.obra'!$A$2:$C$29,3,0),0) -> 0 | G55: =ROUNDUP(IF(C55="mês",E55,(F55/($L$4*$L$5))),0) -> 0
A56: 200180 | B56: =VLOOKUP(A56,MO!$A:$C,2,0) -> Motorista veículo médio | C56: =VLOOKUP(A56,MO!$A:$C,3,0) -> hora | D56: =VLOOKUP(A56,MO!$A:$D,4,0) -> 0 | F56: =IFERROR(VLOOKUP(A56,'hora.mo.obra'!$A$2:$C$29,3,0),0) -> 42.5812 | G56: =ROUNDUP(IF(C56="mês",E56,(F56/($L$4*$L$5))),0) -> 1
A57: 210020 | B57: =VLOOKUP(A57,MO!$A:$C,2,0) -> Motorista veículo pesado | C57: =VLOOKUP(A57,MO!$A:$C,3,0) -> hora | D57: =VLOOKUP(A57,MO!$A:$D,4,0) -> 0 | F57: =IFERROR(VLOOKUP(A57,'hora.mo.obra'!$A$2:$C$29,3,0),0) -> 4018.5154 | G57: =ROUNDUP(IF(C57="mês",E57,(F57/($L$4*$L$5))),0) -> 3
A58: 200120 | B58: =VLOOKUP(A58,MO!$A:$C,2,0) -> Operador da leve | C58: =VLOOKUP(A58,MO!$A:$C,3,0) -> hora | D58: =VLOOKUP(A58,MO!$A:$D,4,0) -> 0 | F58: =IFERROR(VLOOKUP(A58,'hora.mo.obra'!$A$2:$C$29,3,0),0) -> 1627.1084 | G58: =ROUNDUP(IF(C58="mês",E58,(F58/($L$4*$L$5))),0) -> 1
A59: 210050 | B59: =VLOOKUP(A59,MO!$A:$C,2,0) -> Operador da pesada | C59: =VLOOKUP(A59,MO!$A:$C,3,0) -> hora | D59: =VLOOKUP(A59,MO!$A:$D,4,0) -> 0 | F59: =IFERROR(VLOOKUP(A59,'hora.mo.obra'!$A$2:$C$29,3,0),0) -> 1291.0994 | G59: =ROUNDUP(IF(C59="mês",E59,(F59/($L$4*$L$5))),0) -> 1
A60: 200160 | B60: =VLOOKUP(A60,MO!$A:$C,2,0) -> Operador de equipamentos manuais | C60: =VLOOKUP(A60,MO!$A:$C,3,0) -> hora | D60: =VLOOKUP(A60,MO!$A:$D,4,0) -> 0 | F60: =IFERROR(VLOOKUP(A60,'hora.mo.obra'!$A$2:$C$29,3,0),0) -> 651.5256 | G60: =ROUNDUP(IF(C60="mês",E60,(F60/($L$4*$L$5))),0) -> 1
A61: 200260 | B61: =VLOOKUP(A61,MO!$A:$C,2,0) -> Pedreiro | C61: =VLOOKUP(A61,MO!$A:$C,3,0) -> hora | D61: =VLOOKUP(A61,MO!$A:$D,4,0) -> 0 | F61: =IFERROR(VLOOKUP(A61,'hora.mo.obra'!$A$2:$C$29,3,0),0) -> 2856.0838 | G61: =ROUNDUP(IF(C61="mês",E61,(F61/($L$4*$L$5))),0) -> 2
A62: 200270 | B62: =VLOOKUP(A62,MO!$A:$C,2,0) -> Pintor | C62: =VLOOKUP(A62,MO!$A:$C,3,0) -> hora | D62: =VLOOKUP(A62,MO!$A:$D,4,0) -> 0 | F62: =IFERROR(VLOOKUP(A62,'hora.mo.obra'!$A$2:$C$29,3,0),0) -> 2.4047 | G62: =ROUNDUP(IF(C62="mês",E62,(F62/($L$4*$L$5))),0) -> 1
... A69: 210080 | B69: =VLOOKUP(A69,MO!$A:$C,2,0) -> Topógrafo | C69: =VLOOKUP(A69,MO!$A:$C,3,0) -> hora | D69: =VLOOKUP(A69,MO!$A:$D,4,0) -> 0 | F69: =IFERROR(VLOOKUP(A69,'hora.mo.obra'!$A$2:$C$29,3,0),0) -> 3.9527 | G69: =ROUNDUP(IF(C69="mês",E69,(F69/($L$4*$L$5))),0) -> 1
A70: CUSTO FINAL DA MOBILIZAÇÃO E DESMOBILIZAÇÃO - PESSOAL
A71: A cada mobilização corresponderá uma desmobilização. O cálculo do custo da desmobilização será igual ao da mobilização
C72: TOTAIS | E72: =SUM(G10:G37) -> 5 | G72: =SUM(G38:G69) -> 43 | I72: =E72+G72 -> 48
E73: ADM LOCAL | G73: SERVIÇOS OBRA | I73: GERAL
B75: Células de conferência do menor custo que atende ao critério. Ocultar ao gerar a impressão | G75: CAPACIDADE
G76: =H76*16 -> 0 | H76: 0 | I76: Veículo(s) com capacidade de 16 passageiros
G77: =H77*30 -> 30 | H77: 1 | I77: Veículo(s) com capacidade de 30 passageiros
G78: =H78*40 -> 0 | H78: 0 | I78: Veículo(s) com capacidade de 40 passageiros
F79: =>75% do total de colaboradores SERVIÇOS OBRA | G79: =SUM(G76:G78) -> 30
F80: Conferência | G80: =G79/$G$72 -> 0.69767442 | H80: =IF(G80>75%,"Atende","Recalcular") -> Recalcular
H82: 16 | I82: 0 | J82: =H82*I82 -> 0 | K82: =I82*44*$L$4 -> 0 | L82: =CHP!$C$113 -> 226.94 | M82: =TRUNC(K82*L82,2) -> 0
H83: 30 | I83: 1 | J83: =H83*I83 -> 30 | K83: =I83*44*$L$4 -> 440 | L83: =CHP!$C$114 -> 230.02 | M83: =TRUNC(K83*L83,2) -> 101208.8
H84: 40 | I84: 0 | J84: =H84*I84 -> 0 | K84: =I84*44*$L$4 -> 0 | L84: =CHP!$C$206 -> 391.07 | M84: =TRUNC(K84*L84,2) -> 0
J85: =SUM(J82:J84) -> 30 | M85: =SUM(M82:M84) -> 101208.8
J86: =J85/$G$72 -> 0.69767442
A90: (assinado e datado eletronicamente)
A91: José Augusto Davanço
A92: Engenheiro Civil - Crea 166826/D

Sheet hora.Equip.obra
A1: Código | B1: Descrição do Equipamento | C1: Quantidade
A2: 373200 | B2: Betoneira 600 l gasolina | C2: 921.9636
A3: 313180 | B3: Cam. bascul. 1635/45 12m3 leve | C3: 372.3293
A4: 323514 | B4: Cam. bascul. 1635/45 14m3 média | C4: 2068.4403
A5: 321820 | B5: Cam. bascul. 2426/48 10m3 média | C5: 205.1347
A6: 346050 | B6: Cam. chassi 1419 | C6: 38.238
A7: 346000 | B7: Caminhão carroceria 1419 14 t | C7: 1215.3185
A8: 346080 | B8: Caminhão carroceria 815/37 6 t | C8: 7.8121
A9: 346060 | B9: Caminhão irrigador 6000 l | C9: 378.4492
A10: 340030 | B10: Caminhão silo 30m³ | C10: 32.6287
A11: 300110 | B11: Caminhão transp. material asfáltico | C11: 138.7875
A12: 329300 | B12: Carreg. frontal pneus 924-K média | C12: 128.4928
A13: 301800 | B13: Carrinho de concretagem 80 l | C13: 2503.6111
... A45: 340410 | B45: Vibro acabadora esteiras | C45: 69.8244

Sheet Pedagios
A5: Data Base: 30/04/2024
G6: Pedágios | AQ6: 45392
G7: Via Araucária - Lote 01 | L7: EPR Litoral Pioneiro - Lote 02 | S7: Arteris Litoral Sul | U7: Arteris Planalto Sul | W7: CCR PRVias - Lote 03 | AE7: EPR Iguaçu - Lote 06
A8: Código | B8: Descrição do Equipamento | C8: CT | D8: Transportador | E8: MULTIPLICADOR | F8: SOMATÓRIA | G8: BR-277 Praça - São Luiz do Purunã | H8: BR-277 Praça - Porto Amazonas | I8: BR-277 Praça - Irati | J8: BR-373 Praça - Imbituva | K8: BR-476 Praça - Lapa | L8: BR-277 Praça - São José dos Pinhais | M8: BR-369 Praça - Jacarezinho | N8: PR-151 Praça - Carambeí | O8: PR-151 Praça - Jaguariaíva | P8: PR-151 km 184,82 Sengés | Q8: PR-092 km 286,75 Siqueira Campos (quatiguá) | S8: BR-376 km 635,5 S.J.Pinhais | T8: BR-101 1,300 Garuva | U8: BR-116 km 134,4 p/ SC (Fazenda Rio Grande) | W8: BR-376 km 529 Witmarsun | X8: BR-376 km 448 Tibagi | Y8: BR-376 km 370 Imbaú | Z8: BR-376 km 316 Ortigueira | AA8: BR-376 Mauá da Serra | AB8: PR-445 Tamarana | AC8: PR-323 km 03 Sertaneja | AE8: BR-277 km 302 Prudentópolis | AF8: BR-277 km 388 Candói | AG8: BR-277 km 464 Laranjeiras do Sul | AH8: BR-277 km 568 Cascavel | AI8: BR-277 km 620 Céu Azul | AJ8: BR-277 km 704 São Miguel do Iguaçu | AK8: BR-163 Lindoeste | AL8: PR-483 Ampére | AM8: PR-280 Pato Branco | AO8: VALOR DA TARIFA | AP8: MULTIPLICADOR | AQ8: TIPO DE VEÍCULO
A9: ROTA PASSA POR PEDÁGIO | G9: x | W9: x | X9: x
A10: 303280 | B10: Arado reversível 3 discos 28" | C10: M | D10: pequeno porte | F10: {=SUMPRODUCT((1*($G$9:$AM$9="x")),G10:AM10)} -> 0
A11: 370070 | B11: Automóvel leve pot. mín. 75 HP(c/motor.) | C11: M | D11: =A11 -> 370070 | F11: {=SUMPRODUCT((1*($G$9:$AM$9="x")),G11:AM11)} -> 34.1 | G11: 9.3 | H11: 11.7 | I11: 10.9 | J11: 10.7 | K11: 12.3 | L11: 24 | M11: 12.8 | N11: 12.1 | O11: 8 | P11: 7.7 | Q11: 13.8 | S11: 5.7 | T11: 5.7 | U11: 8.4 | W11: 12 | X11: 12.8 | Y11: 12.8 | Z11: 11.8 | AC11: 12.8 | AE11: 16.7 | AF11: 16.1 | AG11: 15.2 | AH11: 15.1 | AI11: 15.2 | AJ11: 17.4 | AO11: Tárifa básica (carro) x multplicador | AP11: 1 | AQ11: Automóvel, caminhonete e furgão (2 eixos)
A12: 370080 | B12: Automóvel leve pot. mín. 75 HP(s/motor.) | C12: M | D12: =A12 -> 370080 | F12: {=SUMPRODUCT((1*($G$9:$AM$9="x")),G12:AM12)} -> 34.1 | G12: =G11 -> 9.3 | H12: =H11 -> 11.7 | I12: =I11 -> 10.9 | J12: =J11 -> 10.7 | K12: =K11 -> 12.3 | L12: =L11 -> 24 | M12: =M11 -> 12.8 | N12: =N11 -> 12.1 | ... Q12: =Q11 -> 13.8 | S12: =S11 -> 5.7 | T12: =T11 -> 5.7 | U12: =U11 -> 8.4 | W12: =W11 -> 12 | X12: =X11 -> 12.8 | Y12: =Y11 -> 12.8 | Z12: =Z11 -> 11.8 | AC12: =AC11 -> 12.8 | AE12: =AE11 -> 16.7 | AF12: =AF11 -> 16.1 | AG12: =AG11 -> 15.2 | AH12: =AH11 -> 15.1 | AI12: =AI11 -> 15.2 | AJ12: =AJ11 -> 17.4
A13: 304100 | B13: Bate estacas hidráulico 300 kg | C13: M | D13: pequeno porte | F13: {=SUMPRODUCT((1*($G$9:$AM$9="x")),G13:AM13)} -> 0 | AP13: 2 | AQ13: Caminhão leve, ônibus, caminhão-trator e furgão (2 eixos)
A14: 304000 | B14: Bate estacas leve | C14: M | D14: Cavalo mecânico com semirreboque - 30 t | E14: 5 | F14: {=SUMPRODUCT((1*($G$9:$AM$9="x")),G14:AM14)} -> 170.5 | G14: =$E14*G$11 -> 46.5 | H14: =$E14*H$11 -> 58.5 | I14: =$E14*I$11 -> 54.5 | J14: =$E14*J$11 -> 53.5 | K14: =$E14*K$11 -> 61.5 | L14: =$E14*L$11 -> 120 | M14: =$E14*M$11 -> 64 | N14: =$E14*N$11 -> 60.5 | ... Q14: =$E14*Q$11 -> 69 | S14: =$E14*$S$11 -> 28.5 | T14: =E14*$T$11 -> 28.5 | U14: =E14*$U$11 -> 42 | W14: =W$11*$E14 -> 60 | X14: =X$11*$E14 -> 64 | Y14: =Y$11*$E14 -> 64 | Z14: =Z$11*$E14 -> 59 | AC14: =AC$11*$E14 -> 64 | AE14: =AE$11*$E14 -> 83.5 | AF14: =AF$11*$E14 -> 80.5 | AG14: =AG$11*$E14 -> 76 | AH14: =AH$11*$E14 -> 75.5 | AI14: =AI$11*$E14 -> 76 | AJ14: =AJ$11*$E14 -> 87
A15: 363200 | B15: Betoneira 600 l elétrica | C15: M | D15: pequeno porte | F15: {=SUMPRODUCT((1*($G$9:$AM$9="x")),G15:AM15)} -> 0 | AP15: 1.5 | AQ15: Automóvel e caminhonete com semirreboque (3 eixos)
A16: 373200 | B16: Betoneira 600 l gasolina | C16: M | D16: pequeno porte | F16: {=SUMPRODUCT((1*($G$9:$AM$9="x")),G16:AM16)} -> 0
A17: 340310 | B17: Bomba esgotamento 3" | C17: M | D17: pequeno porte | F17: {=SUMPRODUCT((1*($G$9:$AM$9="x")),G17:AM17)} -> 0 | AP17: 3 | AQ17: Caminhão, caminhão-trator, caminhão-trator com semirreboque e ônibus (3 eixos)
A18: 306000 | B18: Caldeira de asfalto reboc. 4000 l a gasolina | C18: M | D18: pequeno porte | F18: {=SUMPRODUCT((1*($G$9:$AM$9="x")),G18:AM18)} -> 0
A19: 316060 | B19: Cam. bascul. 1419 6m3 leve | C19: L | D19: =A19 -> 316060 | E19: 2 | F19: =SUMPRODUCT((1*($G$9:$AM$9="x")),G19:AM19) -> 68.2 | G19: =$E19*G$11 -> 18.6 | H19: =$E19*H$11 -> 23.4 | I19: =$E19*I$11 -> 21.8 | J19: =$E19*J$11 -> 21.4 | K19: =$E19*K$11 -> 24.6 | L19: =$E19*L$11 -> 48 | M19: =$E19*M$11 -> 25.6 | N19: =$E19*N$11 -> 24.2 | ... Q19: =$E19*Q$11 -> 27.6 | S19: =$E19*$S$11 -> 11.4 | T19: =E19*$T$11 -> 11.4 | U19: =E19*$U$11 -> 16.8 | W19: =W$11*$E19 -> 24 | X19: =X$11*$E19 -> 25.6 | Y19: =Y$11*$E19 -> 25.6 | Z19: =Z$11*$E19 -> 23.6 | AC19: =AC$11*$E19 -> 25.6 | AE19: =AE$11*$E19 -> 33.4 | AF19: =AF$11*$E19 -> 32.2 | AG19: =AG$11*$E19 -> 30.4 | AH19: =AH$11*$E19 -> 30.2 | AI19: =AI$11*$E19 -> 30.4 | AJ19: =AJ$11*$E19 -> 34.8
A20: 326060 | B20: Cam. bascul. 1419-C 6m3 média | C20: M | D20: =A20 -> 326060 | E20: 2 | F20: {=SUMPRODUCT((1*($G$9:$AM$9="x")),G20:AM20)} -> 68.2 | G20: =$E20*G$11 -> 18.6 | H20: =$E20*H$11 -> 23.4 | I20: =$E20*I$11 -> 21.8 | J20: =$E20*J$11 -> 21.4 | K20: =$E20*K$11 -> 24.6 | L20: =$E20*L$11 -> 48 | M20: =$E20*M$11 -> 25.6 | N20: =$E20*N$11 -> 24.2 | ... Q20: =$E20*Q$11 -> 27.6 | S20: =$E20*$S$11 -> 11.4 | T20: =E20*$T$11 -> 11.4 | U20: =E20*$U$11 -> 16.8 | W20: =W$11*$E20 -> 24 | X20: =X$11*$E20 -> 25.6 | Y20: =Y$11*$E20 -> 25.6 | Z20: =Z$11*$E20 -> 23.6 | AC20: =AC$11*$E20 -> 25.6 | AE20: =AE$11*$E20 -> 33.4 | AF20: =AF$11*$E20 -> 32.2 | AG20: =AG$11*$E20 -> 30.4 | AH20: =AH$11*$E20 -> 30.2 | AI20: =AI$11*$E20 -> 30.4 | AJ20: =AJ$11*$E20 -> 34.8 | AP20: 2 | AQ20: Automóvel e caminhonete com reboque (4 eixos)
A21: 336060 | B21: Cam. bascul. 1419-C 6m3 severa | C21: S | D21: =A21 -> 336060 | E21: 2 | F21: {=SUMPRODUCT((1*($G$9:$AM$9="x")),G21:AM21)} -> 68.2 | G21: =$E21*G$11 -> 18.6 | H21: =$E21*H$11 -> 23.4 | I21: =$E21*I$11 -> 21.8 | J21: =$E21*J$11 -> 21.4 | K21: =$E21*K$11 -> 24.6 | L21: =$E21*L$11 -> 48 | M21: =$E21*M$11 -> 25.6 | N21: =$E21*N$11 -> 24.2 | ... Q21: =$E21*Q$11 -> 27.6 | S21: =$E21*$S$11 -> 11.4 | T21: =E21*$T$11 -> 11.4 | U21: =E21*$U$11 -> 16.8 | W21: =W$11*$E21 -> 24 | X21: =X$11*$E21 -> 25.6 | Y21: =Y$11*$E21 -> 25.6 | Z21: =Z$11*$E21 -> 23.6 | AC21: =AC$11*$E21 -> 25.6 | AE21: =AE$11*$E21 -> 33.4 | AF21: =AF$11*$E21 -> 32.2 | AG21: =AG$11*$E21 -> 30.4 | AH21: =AH$11*$E21 -> 30.2 | AI21: =AI$11*$E21 -> 30.4 | AJ21: =AJ$11*$E21 -> 34.8
A22: 313180 | B22: Cam. bascul. 1635/45 12m3 leve | C22: L | D22: =A22 -> 313180 | E22: 3 | F22: {=SUMPRODUCT((1*($G$9:$AM$9="x")),G22:AM22)} -> 102.3 | G22: =$E22*G$11 -> 27.9 | H22: =$E22*H$11 -> 35.1 | I22: =$E22*I$11 -> 32.7 | J22: =$E22*J$11 -> 32.1 | K22: =$E22*K$11 -> 36.9 | L22: =$E22*L$11 -> 72 | M22: =$E22*M$11 -> 38.4 | N22: =$E22*N$11 -> 36.3 | ... Q22: =$E22*Q$11 -> 41.4 | S22: =$E22*$S$11 -> 17.1 | T22: =E22*$T$11 -> 17.1 | U22: =E22*$U$11 -> 25.2 | W22: =W$11*$E22 -> 36 | X22: =X$11*$E22 -> 38.4 | Y22: =Y$11*$E22 -> 38.4 | Z22: =Z$11*$E22 -> 35.4 | AC22: =AC$11*$E22 -> 38.4 | AE22: =AE$11*$E22 -> 50.1 | AF22: =AF$11*$E22 -> 48.3 | AG22: =AG$11*$E22 -> 45.6 | AH22: =AH$11*$E22 -> 45.3 | AI22: =AI$11*$E22 -> 45.6 | AJ22: =AJ$11*$E22 -> 52.2 | AP22: 4 | AQ22: Caminhão com reboque, caminhão-trator com semirreboque (4 eixos)
A23: 323180 | B23: Cam. bascul. 1635/45 12m3 média | C23: M | D23: =A23 -> 323180 | E23: 3 | F23: {=SUMPRODUCT((1*($G$9:$AM$9="x")),G23:AM23)} -> 102.3 | G23: =$E23*G$11 -> 27.9 | H23: =$E23*H$11 -> 35.1 | I23: =$E23*I$11 -> 32.7 | J23: =$E23*J$11 -> 32.1 | K23: =$E23*K$11 -> 36.9 | L23: =$E23*L$11 -> 72 | M23: =$E23*M$11 -> 38.4 | N23: =$E23*N$11 -> 36.3 | ... Q23: =$E23*Q$11 -> 41.4 | S23: =$E23*$S$11 -> 17.1 | T23: =E23*$T$11 -> 17.1 | U23: =E23*$U$11 -> 25.2 | W23: =W$11*$E23 -> 36 | X23: =X$11*$E23 -> 38.4 | Y23: =Y$11*$E23 -> 38.4 | Z23: =Z$11*$E23 -> 35.4 | AC23: =AC$11*$E23 -> 38.4 | AE23: =AE$11*$E23 -> 50.1 | AF23: =AF$11*$E23 -> 48.3 | AG23: =AG$11*$E23 -> 45.6 | AH23: =AH$11*$E23 -> 45.3 | AI23: =AI$11*$E23 -> 45.6 | AJ23: =AJ$11*$E23 -> 52.2
A24: 333180 | B24: Cam. bascul. 1635/45 12m3 severa | C24: S | D24: =A24 -> 333180 | E24: 3 | F24: {=SUMPRODUCT((1*($G$9:$AM$9="x")),G24:AM24)} -> 102.3 | G24: =$E24*G$11 -> 27.9 | H24: =$E24*H$11 -> 35.1 | I24: =$E24*I$11 -> 32.7 | J24: =$E24*J$11 -> 32.1 | K24: =$E24*K$11 -> 36.9 | L24: =$E24*L$11 -> 72 | M24: =$E24*M$11 -> 38.4 | N24: =$E24*N$11 -> 36.3 | ... Q24: =$E24*Q$11 -> 41.4 | S24: =$E24*$S$11 -> 17.1 | T24: =E24*$T$11 -> 17.1 | U24: =E24*$U$11 -> 25.2 | W24: =W$11*$E24 -> 36 | X24: =X$11*$E24 -> 38.4 | Y24: =Y$11*$E24 -> 38.4 | Z24: =Z$11*$E24 -> 35.4 | AC24: =AC$11*$E24 -> 38.4 | AE24: =AE$11*$E24 -> 50.1 | AF24: =AF$11*$E24 -> 48.3 | AG24: =AG$11*$E24 -> 45.6 | AH24: =AH$11*$E24 -> 45.3 | AI24: =AI$11*$E24 -> 45.6 | AJ24: =AJ$11*$E24 -> 52.2
A25: 323514 | B25: Cam. bascul. 1635/45 14m3 média | C25: M | D25: =A25 -> 323514 | E25: 3 | F25: {=SUMPRODUCT((1*($G$9:$AM$9="x")),G25:AM25)} -> 102.3 | G25: =$E25*G$11 -> 27.9 | H25: =$E25*H$11 -> 35.1 | I25: =$E25*I$11 -> 32.7 | J25: =$E25*J$11 -> 32.1 | K25: =$E25*K$11 -> 36.9 | L25: =$E25*L$11 -> 72 | M25: =$E25*M$11 -> 38.4 | N25: =$E25*N$11 -> 36.3 | ... Q25: =$E25*Q$11 -> 41.4 | S25: =$E25*$S$11 -> 17.1 | T25: =E25*$T$11 -> 17.1 | U25: =E25*$U$11 -> 25.2 | W25: =W$11*$E25 -> 36 | X25: =X$11*$E25 -> 38.4 | Y25: =Y$11*$E25 -> 38.4 | Z25: =Z$11*$E25 -> 35.4 | AC25: =AC$11*$E25 -> 38.4 | AE25: =AE$11*$E25 -> 50.1 | AF25: =AF$11*$E25 -> 48.3 | AG25: =AG$11*$E25 -> 45.6 | AH25: =AH$11*$E25 -> 45.3 | AI25: =AI$11*$E25 -> 45.6 | AJ25: =AJ$11*$E25 -> 52.2
A26: 313140 | B26: Cam. bascul. 2426/48 6m3 leve | C26: L | D26: =A26 -> 313140 | E26: 3 | F26: {=SUMPRODUCT((1*($G$9:$AM$9="x")),G26:AM26)} -> 102.3 | G26: =$E26*G$11 -> 27.9 | H26: =$E26*H$11 -> 35.1 | I26: =$E26*I$11 -> 32.7 | J26: =$E26*J$11 -> 32.1 | K26: =$E26*K$11 -> 36.9 | L26: =$E26*L$11 -> 72 | M26: =$E26*M$11 -> 38.4 | N26: =$E26*N$11 -> 36.3 | ... Q26: =$E26*Q$11 -> 41.4 | S26: =$E26*$S$11 -> 17.1 | T26: =E26*$T$11 -> 17.1 | U26: =E26*$U$11 -> 25.2 | W26: =W$11*$E26 -> 36 | X26: =X$11*$E26 -> 38.4 | Y26: =Y$11*$E26 -> 38.4 | Z26: =Z$11*$E26 -> 35.4 | AC26: =AC$11*$E26 -> 38.4 | AE26: =AE$11*$E26 -> 50.1 | AF26: =AF$11*$E26 -> 48.3 | AG26: =AG$11*$E26 -> 45.6 | AH26: =AH$11*$E26 -> 45.3 | AI26: =AI$11*$E26 -> 45.6 | AJ26: =AJ$11*$E26 -> 52.2 | AP26: 5 | AQ26: Caminhão com reboque, caminhão-trator com semirreboque (5 eixos)
A27: 323140 | B27: Cam. bascul. 2426/48 6m3 média | C27: M | D27: =A27 -> 323140 | E27: 3 | F27: {=SUMPRODUCT((1*($G$9:$AM$9="x")),G27:AM27)} -> 102.3 | G27: =$E27*G$11 -> 27.9 | H27: =$E27*H$11 -> 35.1 | I27: =$E27*I$11 -> 32.7 | J27: =$E27*J$11 -> 32.1 | K27: =$E27*K$11 -> 36.9 | L27: =$E27*L$11 -> 72 | M27: =$E27*M$11 -> 38.4 | N27: =$E27*N$11 -> 36.3 | ... Q27: =$E27*Q$11 -> 41.4 | S27: =$E27*$S$11 -> 17.1 | T27: =E27*$T$11 -> 17.1 | U27: =E27*$U$11 -> 25.2 | W27: =W$11*$E27 -> 36 | X27: =X$11*$E27 -> 38.4 | Y27: =Y$11*$E27 -> 38.4 | Z27: =Z$11*$E27 -> 35.4 | AC27: =AC$11*$E27 -> 38.4 | AE27: =AE$11*$E27 -> 50.1 | AF27: =AF$11*$E27 -> 48.3 | AG27: =AG$11*$E27 -> 45.6 | AH27: =AH$11*$E27 -> 45.3 | AI27: =AI$11*$E27 -> 45.6 | AJ27: =AJ$11*$E27 -> 52.2
A28: 333140 | B28: Cam. bascul. 2426/48 6m3 severa | C28: S | D28: =A28 -> 333140 | E28: 3 | F28: {=SUMPRODUCT((1*($G$9:$AM$9="x")),G28:AM28)} -> 102.3 | G28: =$E28*G$11 -> 27.9 | H28: =$E28*H$11 -> 35.1 | I28: =$E28*I$11 -> 32.7 | J28: =$E28*J$11 -> 32.1 | K28: =$E28*K$11 -> 36.9 | L28: =$E28*L$11 -> 72 | M28: =$E28*M$11 -> 38.4 | N28: =$E28*N$11 -> 36.3 | ... Q28: =$E28*Q$11 -> 41.4 | S28: =$E28*$S$11 -> 17.1 | T28: =E28*$T$11 -> 17.1 | U28: =E28*$U$11 -> 25.2 | W28: =W$11*$E28 -> 36 | X28: =X$11*$E28 -> 38.4 | Y28: =Y$11*$E28 -> 38.4 | Z28: =Z$11*$E28 -> 35.4 | AC28: =AC$11*$E28 -> 38.4 | AE28: =AE$11*$E28 -> 50.1 | AF28: =AF$11*$E28 -> 48.3 | AG28: =AG$11*$E28 -> 45.6 | AH28: =AH$11*$E28 -> 45.3 | AI28: =AI$11*$E28 -> 45.6 | AJ28: =AJ$11*$E28 -> 52.2
A29: 321800 | B29: Cam. bascul. 2426/48 8m3 média | C29: M | D29: =A29 -> 321800 | E29: 3 | F29: {=SUMPRODUCT((1*($G$9:$AM$9="x")),G29:AM29)} -> 102.3 | G29: =$E29*G$11 -> 27.9 | H29: =$E29*H$11 -> 35.1 | I29: =$E29*I$11 -> 32.7 | J29: =$E29*J$11 -> 32.1 | K29: =$E29*K$11 -> 36.9 | L29: =$E29*L$11 -> 72 | M29: =$E29*M$11 -> 38.4 | N29: =$E29*N$11 -> 36.3 | ... Q29: =$E29*Q$11 -> 41.4 | S29: =$E29*$S$11 -> 17.1 | T29: =E29*$T$11 -> 17.1 | U29: =E29*$U$11 -> 25.2 | W29: =W$11*$E29 -> 36 | X29: =X$11*$E29 -> 38.4 | Y29: =Y$11*$E29 -> 38.4 | Z29: =Z$11*$E29 -> 35.4 | AC29: =AC$11*$E29 -> 38.4 | AE29: =AE$11*$E29 -> 50.1 | AF29: =AF$11*$E29 -> 48.3 | AG29: =AG$11*$E29 -> 45.6 | AH29: =AH$11*$E29 -> 45.3 | AI29: =AI$11*$E29 -> 45.6 | AJ29: =AJ$11*$E29 -> 52.2 | AP29: 6 | AQ29: Caminhão com reboque, caminhão-trator com semirreboque (6 eixos)
A30: 321810 | B30: Cam. bascul. 2426/48 9m3 média | C30: M | D30: =A30 -> 321810 | E30: 3 | F30: {=SUMPRODUCT((1*($G$9:$AM$9="x")),G30:AM30)} -> 102.3 | G30: =$E30*G$11 -> 27.9 | H30: =$E30*H$11 -> 35.1 | I30: =$E30*I$11 -> 32.7 | J30: =$E30*J$11 -> 32.1 | K30: =$E30*K$11 -> 36.9 | L30: =$E30*L$11 -> 72 | M30: =$E30*M$11 -> 38.4 | N30: =$E30*N$11 -> 36.3 | ... Q30: =$E30*Q$11 -> 41.4 | S30: =$E30*$S$11 -> 17.1 | T30: =E30*$T$11 -> 17.1 | U30: =E30*$U$11 -> 25.2 | W30: =W$11*$E30 -> 36 | X30: =X$11*$E30 -> 38.4 | Y30: =Y$11*$E30 -> 38.4 | Z30: =Z$11*$E30 -> 35.4 | AC30: =AC$11*$E30 -> 38.4 | AE30: =AE$11*$E30 -> 50.1 | AF30: =AF$11*$E30 -> 48.3 | AG30: =AG$11*$E30 -> 45.6 | AH30: =AH$11*$E30 -> 45.3 | AI30: =AI$11*$E30 -> 45.6 | AJ30: =AJ$11*$E30 -> 52.2
A31: 321820 | B31: Cam. bascul. 2426/48 10m3 média | C31: M | D31: =A31 -> 321820 | E31: 3 | F31: {=SUMPRODUCT((1*($G$9:$AM$9="x")),G31:AM31)} -> 102.3 | G31: =$E31*G$11 -> 27.9 | H31: =$E31*H$11 -> 35.1 | I31: =$E31*I$11 -> 32.7 | J31: =$E31*J$11 -> 32.1 | K31: =$E31*K$11 -> 36.9 | L31: =$E31*L$11 -> 72 | M31: =$E31*M$11 -> 38.4 | N31: =$E31*N$11 -> 36.3 | ... Q31: =$E31*Q$11 -> 41.4 | S31: =$E31*$S$11 -> 17.1 | T31: =E31*$T$11 -> 17.1 | U31: =E31*$U$11 -> 25.2 | W31: =W$11*$E31 -> 36 | X31: =X$11*$E31 -> 38.4 | Y31: =Y$11*$E31 -> 38.4 | Z31: =Z$11*$E31 -> 35.4 | AC31: =AC$11*$E31 -> 38.4 | AE31: =AE$11*$E31 -> 50.1 | AF31: =AF$11*$E31 -> 48.3 | AG31: =AG$11*$E31 -> 45.6 | AH31: =AH$11*$E31 -> 45.3 | AI31: =AI$11*$E31 -> 45.6 | AJ31: =AJ$11*$E31 -> 52.2
A32: 322140 | B32: Cam. bascul. 2730/36 5m3 média | C32: M | D32: =A32 -> 322140 | E32: 3 | F32: {=SUMPRODUCT((1*($G$9:$AM$9="x")),G32:AM32)} -> 102.3 | G32: =$E32*G$11 -> 27.9 | H32: =$E32*H$11 -> 35.1 | I32: =$E32*I$11 -> 32.7 | J32: =$E32*J$11 -> 32.1 | K32: =$E32*K$11 -> 36.9 | L32: =$E32*L$11 -> 72 | M32: =$E32*M$11 -> 38.4 | N32: =$E32*N$11 -> 36.3 | ... Q32: =$E32*Q$11 -> 41.4 | S32: =$E32*$S$11 -> 17.1 | T32: =E32*$T$11 -> 17.1 | U32: =E32*$U$11 -> 25.2 | W32: =W$11*$E32 -> 36 | X32: =X$11*$E32 -> 38.4 | Y32: =Y$11*$E32 -> 38.4 | Z32: =Z$11*$E32 -> 35.4 | AC32: =AC$11*$E32 -> 38.4 | AE32: =AE$11*$E32 -> 50.1 | AF32: =AF$11*$E32 -> 48.3 | AG32: =AG$11*$E32 -> 45.6 | AH32: =AH$11*$E32 -> 45.3 | AI32: =AI$11*$E32 -> 45.6 | AJ32: =AJ$11*$E32 -> 52.2 | AP32: 7 | AQ32: Caminhão com reboque, caminhão trator com semirreboque (7 eixos)
A33: 336090 | B33: Cam. caçamba minério 10m3 severa | C33: S | D33: =A33 -> 336090 | E33: 3 | F33: {=SUMPRODUCT((1*($G$9:$AM$9="x")),G33:AM33)} -> 102.3 | G33: =$E33*G$11 -> 27.9 | H33: =$E33*H$11 -> 35.1 | I33: =$E33*I$11 -> 32.7 | J33: =$E33*J$11 -> 32.1 | K33: =$E33*K$11 -> 36.9 | L33: =$E33*L$11 -> 72 | M33: =$E33*M$11 -> 38.4 | N33: =$E33*N$11 -> 36.3 | ... Q33: =$E33*Q$11 -> 41.4 | S33: =$E33*$S$11 -> 17.1 | T33: =E33*$T$11 -> 17.1 | U33: =E33*$U$11 -> 25.2 | W33: =W$11*$E33 -> 36 | X33: =X$11*$E33 -> 38.4 | Y33: =Y$11*$E33 -> 38.4 | Z33: =Z$11*$E33 -> 35.4 | AC33: =AC$11*$E33 -> 38.4 | AE33: =AE$11*$E33 -> 50.1 | AF33: =AF$11*$E33 -> 48.3 | AG33: =AG$11*$E33 -> 45.6 | AH33: =AH$11*$E33 -> 45.3 | AI33: =AI$11*$E33 -> 45.6 | AJ33: =AJ$11*$E33 -> 52.2
A34: 343800 | B34: Cam. chassi VM-390 p/ microrevestimento | C34: M | D34: =A34 -> 343800 | E34: 4 | F34: {=SUMPRODUCT((1*($G$9:$AM$9="x")),G34:AM34)} -> 136.4 | G34: =$E34*G$11 -> 37.2 | H34: =$E34*H$11 -> 46.8 | I34: =$E34*I$11 -> 43.6 | J34: =$E34*J$11 -> 42.8 | K34: =$E34*K$11 -> 49.2 | L34: =$E34*L$11 -> 96 | M34: =$E34*M$11 -> 51.2 | N34: =$E34*N$11 -> 48.4 | ... Q34: =$E34*Q$11 -> 55.2 | S34: =$E34*$S$11 -> 22.8 | T34: =E34*$T$11 -> 22.8 | U34: =E34*$U$11 -> 33.6 | W34: =W$11*$E34 -> 48 | X34: =X$11*$E34 -> 51.2 | Y34: =Y$11*$E34 -> 51.2 | Z34: =Z$11*$E34 -> 47.2 | AC34: =AC$11*$E34 -> 51.2 | AE34: =AE$11*$E34 -> 66.8 | AF34: =AF$11*$E34 -> 64.4 | AG34: =AG$11*$E34 -> 60.8 | AH34: =AH$11*$E34 -> 60.4 | AI34: =AI$11*$E34 -> 60.8 | AJ34: =AJ$11*$E34 -> 69.6
A35: 346050 | B35: Cam. chassi 1419 | C35: M | D35: =A35 -> 346050 | E35: 2 | F35: {=SUMPRODUCT((1*($G$9:$AM$9="x")),G35:AM35)} -> 68.2 | G35: =$E35*G$11 -> 18.6 | H35: =$E35*H$11 -> 23.4 | I35: =$E35*I$11 -> 21.8 | J35: =$E35*J$11 -> 21.4 | K35: =$E35*K$11 -> 24.6 | L35: =$E35*L$11 -> 48 | M35: =$E35*M$11 -> 25.6 | N35: =$E35*N$11 -> 24.2 | ... Q35: =$E35*Q$11 -> 27.6 | S35: =$E35*$S$11 -> 11.4 | T35: =E35*$T$11 -> 11.4 | U35: =E35*$U$11 -> 16.8 | W35: =W$11*$E35 -> 24 | X35: =X$11*$E35 -> 25.6 | Y35: =Y$11*$E35 -> 25.6 | Z35: =Z$11*$E35 -> 23.6 | AC35: =AC$11*$E35 -> 25.6 | AE35: =AE$11*$E35 -> 33.4 | AF35: =AF$11*$E35 -> 32.2 | AG35: =AG$11*$E35 -> 30.4 | AH35: =AH$11*$E35 -> 30.2 | AI35: =AI$11*$E35 -> 30.4 | AJ35: =AJ$11*$E35 -> 34.8 | AP35: 8 | AQ35: Caminhão com reboque, caminhão trator com semirreboque (8 eixos)
A36: 346010 | B36: Cam. chassi 1726 p/ carroceria | C36: M | D36: =A36 -> 346010 | E36: 2 | F36: {=SUMPRODUCT((1*($G$9:$AM$9="x")),G36:AM36)} -> 68.2 | G36: =$E36*G$11 -> 18.6 | H36: =$E36*H$11 -> 23.4 | I36: =$E36*I$11 -> 21.8 | J36: =$E36*J$11 -> 21.4 | K36: =$E36*K$11 -> 24.6 | L36: =$E36*L$11 -> 48 | M36: =$E36*M$11 -> 25.6 | N36: =$E36*N$11 -> 24.2 | ... Q36: =$E36*Q$11 -> 27.6 | S36: =$E36*$S$11 -> 11.4 | T36: =E36*$T$11 -> 11.4 | U36: =E36*$U$11 -> 16.8 | W36: =W$11*$E36 -> 24 | X36: =X$11*$E36 -> 25.6 | Y36: =Y$11*$E36 -> 25.6 | Z36: =Z$11*$E36 -> 23.6 | AC36: =AC$11*$E36 -> 25.6 | AE36: =AE$11*$E36 -> 33.4 | AF36: =AF$11*$E36 -> 32.2 | AG36: =AG$11*$E36 -> 30.4 | AH36: =AH$11*$E36 -> 30.2 | AI36: =AI$11*$E36 -> 30.4 | AJ36: =AJ$11*$E36 -> 34.8
A37: 341800 | B37: Cam. chassi 1726 p/ lama asfáltica | C37: M | D37: =A37 -> 341800 | E37: 2 | F37: {=SUMPRODUCT((1*($G$9:$AM$9="x")),G37:AM37)} -> 68.2 | G37: =$E37*G$11 -> 18.6 | H37: =$E37*H$11 -> 23.4 | I37: =$E37*I$11 -> 21.8 | J37: =$E37*J$11 -> 21.4 | K37: =$E37*K$11 -> 24.6 | L37: =$E37*L$11 -> 48 | M37: =$E37*M$11 -> 25.6 | N37: =$E37*N$11 -> 24.2 | ... Q37: =$E37*Q$11 -> 27.6 | S37: =$E37*$S$11 -> 11.4 | T37: =E37*$T$11 -> 11.4 | U37: =E37*$U$11 -> 16.8 | W37: =W$11*$E37 -> 24 | X37: =X$11*$E37 -> 25.6 | Y37: =Y$11*$E37 -> 25.6 | Z37: =Z$11*$E37 -> 23.6 | AC37: =AC$11*$E37 -> 25.6 | AE37: =AE$11*$E37 -> 33.4 | AF37: =AF$11*$E37 -> 32.2 | AG37: =AG$11*$E37 -> 30.4 | AH37: =AH$11*$E37 -> 30.2 | AI37: =AI$11*$E37 -> 30.4 | AJ37: =AJ$11*$E37 -> 34.8
A38: 342300 | B38: Cam. chassi 18.210 | C38: M | D38: =A38 -> 342300 | E38: 2 | F38: {=SUMPRODUCT((1*($G$9:$AM$9="x")),G38:AM38)} -> 68.2 | G38: =$E38*G$11 -> 18.6 | H38: =$E38*H$11 -> 23.4 | I38: =$E38*I$11 -> 21.8 | J38: =$E38*J$11 -> 21.4 | K38: =$E38*K$11 -> 24.6 | L38: =$E38*L$11 -> 48 | M38: =$E38*M$11 -> 25.6 | N38: =$E38*N$11 -> 24.2 | ... Q38: =$E38*Q$11 -> 27.6 | S38: =$E38*$S$11 -> 11.4 | T38: =E38*$T$11 -> 11.4 | U38: =E38*$U$11 -> 16.8 | W38: =W$11*$E38 -> 24 | X38: =X$11*$E38 -> 25.6 | Y38: =Y$11*$E38 -> 25.6 | Z38: =Z$11*$E38 -> 23.6 | AC38: =AC$11*$E38 -> 25.6 | AE38: =AE$11*$E38 -> 33.4 | AF38: =AF$11*$E38 -> 32.2 | AG38: =AG$11*$E38 -> 30.4 | AH38: =AH$11*$E38 -> 30.2 | AI38: =AI$11*$E38 -> 30.4 | AJ38: =AJ$11*$E38 -> 34.8
A39: 326280 | B39: Caminhão betoneira 8 m³ | C39: M | D39: =A39 -> 326280 | E39: 3 | F39: {=SUMPRODUCT((1*($G$9:$AM$9="x")),G39:AM39)} -> 102.3 | G39: =$E39*G$11 -> 27.9 | H39: =$E39*H$11 -> 35.1 | I39: =$E39*I$11 -> 32.7 | J39: =$E39*J$11 -> 32.1 | K39: =$E39*K$11 -> 36.9 | L39: =$E39*L$11 -> 72 | M39: =$E39*M$11 -> 38.4 | N39: =$E39*N$11 -> 36.3 | ... Q39: =$E39*Q$11 -> 41.4 | S39: =$E39*$S$11 -> 17.1 | T39: =E39*$T$11 -> 17.1 | U39: =E39*$U$11 -> 25.2 | W39: =W$11*$E39 -> 36 | X39: =X$11*$E39 -> 38.4 | Y39: =Y$11*$E39 -> 38.4 | Z39: =Z$11*$E39 -> 35.4 | AC39: =AC$11*$E39 -> 38.4 | AE39: =AE$11*$E39 -> 50.1 | AF39: =AF$11*$E39 -> 48.3 | AG39: =AG$11*$E39 -> 45.6 | AH39: =AH$11*$E39 -> 45.3 | AI39: =AI$11*$E39 -> 45.6 | AJ39: =AJ$11*$E39 -> 52.2
A40: 346020 | B40: Caminhão c/ guindauto | C40: M | D40: =A40 -> 346020 | E40: 3 | F40: {=SUMPRODUCT((1*($G$9:$AM$9="x")),G40:AM40)} -> 102.3 | G40: =$E40*G$11 -> 27.9 | H40: =$E40*H$11 -> 35.1 | I40: =$E40*I$11 -> 32.7 | J40: =$E40*J$11 -> 32.1 | K40: =$E40*K$11 -> 36.9 | L40: =$E40*L$11 -> 72 | M40: =$E40*M$11 -> 38.4 | N40: =$E40*N$11 -> 36.3 | ... Q40: =$E40*Q$11 -> 41.4 | S40: =$E40*$S$11 -> 17.1 | T40: =E40*$T$11 -> 17.1 | U40: =E40*$U$11 -> 25.2 | W40: =W$11*$E40 -> 36 | X40: =X$11*$E40 -> 38.4 | Y40: =Y$11*$E40 -> 38.4 | Z40: =Z$11*$E40 -> 35.4 | AC40: =AC$11*$E40 -> 38.4 | AE40: =AE$11*$E40 -> 50.1 | AF40: =AF$11*$E40 -> 48.3 | AG40: =AG$11*$E40 -> 45.6 | AH40: =AH$11*$E40 -> 45.3 | AI40: =AI$11*$E40 -> 45.6 | AJ40: =AJ$11*$E40 -> 52.2
A41: 346090 | B41: Caminhão carroceria cabine dupla | C41: M | D41: =A41 -> 346090 | E41: 2 | F41: {=SUMPRODUCT((1*($G$9:$AM$9="x")),G41:AM41)} -> 68.2 | G41: =$E41*G$11 -> 18.6 | H41: =$E41*H$11 -> 23.4 | I41: =$E41*I$11 -> 21.8 | J41: =$E41*J$11 -> 21.4 | K41: =$E41*K$11 -> 24.6 | L41: =$E41*L$11 -> 48 | M41: =$E41*M$11 -> 25.6 | N41: =$E41*N$11 -> 24.2 | ... Q41: =$E41*Q$11 -> 27.6 | S41: =$E41*$S$11 -> 11.4 | T41: =E41*$T$11 -> 11.4 | U41: =E41*$U$11 -> 16.8 | W41: =W$11*$E41 -> 24 | X41: =X$11*$E41 -> 25.6 | Y41: =Y$11*$E41 -> 25.6 | Z41: =Z$11*$E41 -> 23.6 | AC41: =AC$11*$E41 -> 25.6 | AE41: =AE$11*$E41 -> 33.4 | AF41: =AF$11*$E41 -> 32.2 | AG41: =AG$11*$E41 -> 30.4 | AH41: =AH$11*$E41 -> 30.2 | AI41: =AI$11*$E41 -> 30.4 | AJ41: =AJ$11*$E41 -> 34.8
A42: 346000 | B42: Caminhão carroceria 1419 14 t | C42: M | D42: =A42 -> 346000 | E42: 2 | F42: {=SUMPRODUCT((1*($G$9:$AM$9="x")),G42:AM42)} -> 68.2 | G42: =$E42*G$11 -> 18.6 | H42: =$E42*H$11 -> 23.4 | I42: =$E42*I$11 -> 21.8 | J42: =$E42*J$11 -> 21.4 | K42: =$E42*K$11 -> 24.6 | L42: =$E42*L$11 -> 48 | M42: =$E42*M$11 -> 25.6 | N42: =$E42*N$11 -> 24.2 | ... Q42: =$E42*Q$11 -> 27.6 | S42: =$E42*$S$11 -> 11.4 | T42: =E42*$T$11 -> 11.4 | U42: =E42*$U$11 -> 16.8 | W42: =W$11*$E42 -> 24 | X42: =X$11*$E42 -> 25.6 | Y42: =Y$11*$E42 -> 25.6 | Z42: =Z$11*$E42 -> 23.6 | AC42: =AC$11*$E42 -> 25.6 | AE42: =AE$11*$E42 -> 33.4 | AF42: =AF$11*$E42 -> 32.2 | AG42: =AG$11*$E42 -> 30.4 | AH42: =AH$11*$E42 -> 30.2 | AI42: =AI$11*$E42 -> 30.4 | AJ42: =AJ$11*$E42 -> 34.8
A43: 346080 | B43: Caminhão carroceria 815/37 6 t | C43: M | D43: =A43 -> 346080 | E43: 2 | F43: {=SUMPRODUCT((1*($G$9:$AM$9="x")),G43:AM43)} -> 68.2 | G43: =$E43*G$11 -> 18.6 | H43: =$E43*H$11 -> 23.4 | I43: =$E43*I$11 -> 21.8 | J43: =$E43*J$11 -> 21.4 | K43: =$E43*K$11 -> 24.6 | L43: =$E43*L$11 -> 48 | M43: =$E43*M$11 -> 25.6 | N43: =$E43*N$11 -> 24.2 | ... Q43: =$E43*Q$11 -> 27.6 | S43: =$E43*$S$11 -> 11.4 | T43: =E43*$T$11 -> 11.4 | U43: =E43*$U$11 -> 16.8 | W43: =W$11*$E43 -> 24 | X43: =X$11*$E43 -> 25.6 | Y43: =Y$11*$E43 -> 25.6 | Z43: =Z$11*$E43 -> 23.6 | AC43: =AC$11*$E43 -> 25.6 | AE43: =AE$11*$E43 -> 33.4 | AF43: =AF$11*$E43 -> 32.2 | AG43: =AG$11*$E43 -> 30.4 | AH43: =AH$11*$E43 -> 30.2 | AI43: =AI$11*$E43 -> 30.4 | AJ43: =AJ$11*$E43 -> 34.8
A44: 346220 | B44: Caminhão com guindaste com cesto | C44: M | D44: =A44 -> 346220 | E44: 2 | F44: {=SUMPRODUCT((1*($G$9:$AM$9="x")),G44:AM44)} -> 68.2 | G44: =$E44*G$11 -> 18.6 | H44: =$E44*H$11 -> 23.4 | I44: =$E44*I$11 -> 21.8 | J44: =$E44*J$11 -> 21.4 | K44: =$E44*K$11 -> 24.6 | L44: =$E44*L$11 -> 48 | M44: =$E44*M$11 -> 25.6 | N44: =$E44*N$11 -> 24.2 | ... Q44: =$E44*Q$11 -> 27.6 | S44: =$E44*$S$11 -> 11.4 | T44: =E44*$T$11 -> 11.4 | U44: =E44*$U$11 -> 16.8 | W44: =W$11*$E44 -> 24 | X44: =X$11*$E44 -> 25.6 | Y44: =Y$11*$E44 -> 25.6 | Z44: =Z$11*$E44 -> 23.6 | AC44: =AC$11*$E44 -> 25.6 | AE44: =AE$11*$E44 -> 33.4 | AF44: =AF$11*$E44 -> 32.2 | AG44: =AG$11*$E44 -> 30.4 | AH44: =AH$11*$E44 -> 30.2 | AI44: =AI$11*$E44 -> 30.4 | AJ44: =AJ$11*$E44 -> 34.8
A45: 346030 | B45: Caminhão comboio abastecedor | C45: M | D45: =A45 -> 346030 | E45: 2 | F45: {=SUMPRODUCT((1*($G$9:$AM$9="x")),G45:AM45)} -> 68.2 | G45: =$E45*G$11 -> 18.6 | H45: =$E45*H$11 -> 23.4 | I45: =$E45*I$11 -> 21.8 | J45: =$E45*J$11 -> 21.4 | K45: =$E45*K$11 -> 24.6 | L45: =$E45*L$11 -> 48 | M45: =$E45*M$11 -> 25.6 | N45: =$E45*N$11 -> 24.2 | ... Q45: =$E45*Q$11 -> 27.6 | S45: =$E45*$S$11 -> 11.4 | T45: =E45*$T$11 -> 11.4 | U45: =E45*$U$11 -> 16.8 | W45: =W$11*$E45 -> 24 | X45: =X$11*$E45 -> 25.6 | Y45: =Y$11*$E45 -> 25.6 | Z45: =Z$11*$E45 -> 23.6 | AC45: =AC$11*$E45 -> 25.6 | AE45: =AE$11*$E45 -> 33.4 | AF45: =AF$11*$E45 -> 32.2 | AG45: =AG$11*$E45 -> 30.4 | AH45: =AH$11*$E45 -> 30.2 | AI45: =AI$11*$E45 -> 30.4 | AJ45: =AJ$11*$E45 -> 34.8
A46: 346060 | B46: Caminhão irrigador 6000 l | C46: M | D46: =A46 -> 346060 | E46: 2 | F46: {=SUMPRODUCT((1*($G$9:$AM$9="x")),G46:AM46)} -> 68.2 | G46: =$E46*G$11 -> 18.6 | H46: =$E46*H$11 -> 23.4 | I46: =$E46*I$11 -> 21.8 | J46: =$E46*J$11 -> 21.4 | K46: =$E46*K$11 -> 24.6 | L46: =$E46*L$11 -> 48 | M46: =$E46*M$11 -> 25.6 | N46: =$E46*N$11 -> 24.2 | ... Q46: =$E46*Q$11 -> 27.6 | S46: =$E46*$S$11 -> 11.4 | T46: =E46*$T$11 -> 11.4 | U46: =E46*$U$11 -> 16.8 | W46: =W$11*$E46 -> 24 | X46: =X$11*$E46 -> 25.6 | Y46: =Y$11*$E46 -> 25.6 | Z46: =Z$11*$E46 -> 23.6 | AC46: =AC$11*$E46 -> 25.6 | AE46: =AE$11*$E46 -> 33.4 | AF46: =AF$11*$E46 -> 32.2 | AG46: =AG$11*$E46 -> 30.4 | AH46: =AH$11*$E46 -> 30.2 | AI46: =AI$11*$E46 -> 30.4 | AJ46: =AJ$11*$E46 -> 34.8
A47: 346070 | B47: Caminhão pipa 6000 l | C47: M | D47: =A47 -> 346070 | E47: 2 | F47: {=SUMPRODUCT((1*($G$9:$AM$9="x")),G47:AM47)} -> 68.2 | G47: =$E47*G$11 -> 18.6 | H47: =$E47*H$11 -> 23.4 | I47: =$E47*I$11 -> 21.8 | J47: =$E47*J$11 -> 21.4 | K47: =$E47*K$11 -> 24.6 | L47: =$E47*L$11 -> 48 | M47: =$E47*M$11 -> 25.6 | N47: =$E47*N$11 -> 24.2 | ... Q47: =$E47*Q$11 -> 27.6 | S47: =$E47*$S$11 -> 11.4 | T47: =E47*$T$11 -> 11.4 | U47: =E47*$U$11 -> 16.8 | W47: =W$11*$E47 -> 24 | X47: =X$11*$E47 -> 25.6 | Y47: =Y$11*$E47 -> 25.6 | Z47: =Z$11*$E47 -> 23.6 | AC47: =AC$11*$E47 -> 25.6 | AE47: =AE$11*$E47 -> 33.4 | AF47: =AF$11*$E47 -> 32.2 | AG47: =AG$11*$E47 -> 30.4 | AH47: =AH$11*$E47 -> 30.2 | AI47: =AI$11*$E47 -> 30.4 | AJ47: =AJ$11*$E47 -> 34.8
... A51: 370140 | B51: Caminhonete cabine dupla 4x4 pot. mín.120 HP(s/motor.) | C51: M | D51: =A51 -> 370140 | E51: 1 | F51: {=SUMPRODUCT((1*($G$9:$AM$9="x")),G51:AM51)} -> 34.1 | G51: =$E51*G$11 -> 9.3 | H51: =$E51*H$11 -> 11.7 | I51: =$E51*I$11 -> 10.9 | J51: =$E51*J$11 -> 10.7 | K51: =$E51*K$11 -> 12.3 | L51: =$E51*L$11 -> 24 | M51: =$E51*M$11 -> 12.8 | N51: =$E51*N$11 -> 12.1 | ... Q51: =$E51*Q$11 -> 13.8 | S51: =$E51*$S$11 -> 5.7 | T51: =E51*$T$11 -> 5.7 | U51: =E51*$U$11 -> 8.4 | W51: =W$11*$E51 -> 12 | X51: =X$11*$E51 -> 12.8 | Y51: =Y$11*$E51 -> 12.8 | Z51: =Z$11*$E51 -> 11.8 | AC51: =AC$11*$E51 -> 12.8 | AE51: =AE$11*$E51 -> 16.7 | AF51: =AF$11*$E51 -> 16.1 | AG51: =AG$11*$E51 -> 15.2 | AH51: =AH$11*$E51 -> 15.1 | AI51: =AI$11*$E51 -> 15.2 | AJ51: =AJ$11*$E51 -> 17.4
A52: 320550 | B52: Carreg. frontal pneus L 60-H média | C52: M | D52: Cavalo mecânico com semirreboque - 22 t | E52: 4 | F52: {=SUMPRODUCT((1*($G$9:$AM$9="x")),G52:AM52)} -> 136.4 | G52: =$E52*G$11 -> 37.2 | H52: =$E52*H$11 -> 46.8 | I52: =$E52*I$11 -> 43.6 | J52: =$E52*J$11 -> 42.8 | K52: =$E52*K$11 -> 49.2 | L52: =$E52*L$11 -> 96 | M52: =$E52*M$11 -> 51.2 | N52: =$E52*N$11 -> 48.4 | ... Q52: =$E52*Q$11 -> 55.2 | S52: =$E52*$S$11 -> 22.8 | T52: =E52*$T$11 -> 22.8 | U52: =E52*$U$11 -> 33.6 | W52: =W$11*$E52 -> 48 | X52: =X$11*$E52 -> 51.2 | Y52: =Y$11*$E52 -> 51.2 | Z52: =Z$11*$E52 -> 47.2 | AC52: =AC$11*$E52 -> 51.2 | AE52: =AE$11*$E52 -> 66.8 | AF52: =AF$11*$E52 -> 64.4 | AG52: =AG$11*$E52 -> 60.8 | AH52: =AH$11*$E52 -> 60.4 | AI52: =AI$11*$E52 -> 60.8 | AJ52: =AJ$11*$E52 -> 69.6
A53: 319300 | B53: Carreg. frontal pneus 924-K leve | C53: L | E53: 4 | F53: {=SUMPRODUCT((1*($G$9:$AM$9="x")),G53:AM53)} -> 136.4 | G53: =$E53*G$11 -> 37.2 | H53: =$E53*H$11 -> 46.8 | I53: =$E53*I$11 -> 43.6 | J53: =$E53*J$11 -> 42.8 | K53: =$E53*K$11 -> 49.2 | L53: =$E53*L$11 -> 96 | M53: =$E53*M$11 -> 51.2 | N53: =$E53*N$11 -> 48.4 | ... Q53: =$E53*Q$11 -> 55.2 | S53: =$E53*$S$11 -> 22.8 | T53: =E53*$T$11 -> 22.8 | U53: =E53*$U$11 -> 33.6 | W53: =W$11*$E53 -> 48 | X53: =X$11*$E53 -> 51.2 | Y53: =Y$11*$E53 -> 51.2 | Z53: =Z$11*$E53 -> 47.2 | AC53: =AC$11*$E53 -> 51.2 | AE53: =AE$11*$E53 -> 66.8 | AF53: =AF$11*$E53 -> 64.4 | AG53: =AG$11*$E53 -> 60.8 | AH53: =AH$11*$E53 -> 60.4 | AI53: =AI$11*$E53 -> 60.8 | AJ53: =AJ$11*$E53 -> 69.6
A54: 329300 | B54: Carreg. frontal pneus 924-K média | C54: M | E54: 4 | F54: {=SUMPRODUCT((1*($G$9:$AM$9="x")),G54:AM54)} -> 136.4 | G54: =$E54*G$11 -> 37.2 | H54: =$E54*H$11 -> 46.8 | I54: =$E54*I$11 -> 43.6 | J54: =$E54*J$11 -> 42.8 | K54: =$E54*K$11 -> 49.2 | L54: =$E54*L$11 -> 96 | M54: =$E54*M$11 -> 51.2 | N54: =$E54*N$11 -> 48.4 | ... Q54: =$E54*Q$11 -> 55.2 | S54: =$E54*$S$11 -> 22.8 | T54: =E54*$T$11 -> 22.8 | U54: =E54*$U$11 -> 33.6 | W54: =W$11*$E54 -> 48 | X54: =X$11*$E54 -> 51.2 | Y54: =Y$11*$E54 -> 51.2 | Z54: =Z$11*$E54 -> 47.2 | AC54: =AC$11*$E54 -> 51.2 | AE54: =AE$11*$E54 -> 66.8 | AF54: =AF$11*$E54 -> 64.4 | AG54: =AG$11*$E54 -> 60.8 | AH54: =AH$11*$E54 -> 60.4 | AI54: =AI$11*$E54 -> 60.8 | AJ54: =AJ$11*$E54 -> 69.6
A55: 339300 | B55: Carreg. frontal pneus 924-K severa | C55: S | E55: 4 | F55: {=SUMPRODUCT((1*($G$9:$AM$9="x")),G55:AM55)} -> 136.4 | G55: =$E55*G$11 -> 37.2 | H55: =$E55*H$11 -> 46.8 | I55: =$E55*I$11 -> 43.6 | J55: =$E55*J$11 -> 42.8 | K55: =$E55*K$11 -> 49.2 | L55: =$E55*L$11 -> 96 | M55: =$E55*M$11 -> 51.2 | N55: =$E55*N$11 -> 48.4 | ... Q55: =$E55*Q$11 -> 55.2 | S55: =$E55*$S$11 -> 22.8 | T55: =E55*$T$11 -> 22.8 | U55: =E55*$U$11 -> 33.6 | W55: =W$11*$E55 -> 48 | X55: =X$11*$E55 -> 51.2 | Y55: =Y$11*$E55 -> 51.2 | Z55: =Z$11*$E55 -> 47.2 | AC55: =AC$11*$E55 -> 51.2 | AE55: =AE$11*$E55 -> 66.8 | AF55: =AF$11*$E55 -> 64.4 | AG55: =AG$11*$E55 -> 60.8 | AH55: =AH$11*$E55 -> 60.4 | AI55: =AI$11*$E55 -> 60.8 | AJ55: =AJ$11*$E55 -> 69.6
A56: 319660 | B56: Carreg. frontal pneus 950-L leve | C56: L | E56: 4 | F56: {=SUMPRODUCT((1*($G$9:$AM$9="x")),G56:AM56)} -> 136.4 | G56: =$E56*G$11 -> 37.2 | H56: =$E56*H$11 -> 46.8 | I56: =$E56*I$11 -> 43.6 | J56: =$E56*J$11 -> 42.8 | K56: =$E56*K$11 -> 49.2 | L56: =$E56*L$11 -> 96 | M56: =$E56*M$11 -> 51.2 | N56: =$E56*N$11 -> 48.4 | ... Q56: =$E56*Q$11 -> 55.2 | S56: =$E56*$S$11 -> 22.8 | T56: =E56*$T$11 -> 22.8 | U56: =E56*$U$11 -> 33.6 | W56: =W$11*$E56 -> 48 | X56: =X$11*$E56 -> 51.2 | Y56: =Y$11*$E56 -> 51.2 | Z56: =Z$11*$E56 -> 47.2 | AC56: =AC$11*$E56 -> 51.2 | AE56: =AE$11*$E56 -> 66.8 | AF56: =AF$11*$E56 -> 64.4 | AG56: =AG$11*$E56 -> 60.8 | AH56: =AH$11*$E56 -> 60.4 | AI56: =AI$11*$E56 -> 60.8 | AJ56: =AJ$11*$E56 -> 69.6
A57: 329660 | B57: Carreg. frontal pneus 950-L média | C57: M | E57: 4 | F57: {=SUMPRODUCT((1*($G$9:$AM$9="x")),G57:AM57)} -> 136.4 | G57: =$E57*G$11 -> 37.2 | H57: =$E57*H$11 -> 46.8 | I57: =$E57*I$11 -> 43.6 | J57: =$E57*J$11 -> 42.8 | K57: =$E57*K$11 -> 49.2 | L57: =$E57*L$11 -> 96 | M57: =$E57*M$11 -> 51.2 | N57: =$E57*N$11 -> 48.4 | ... Q57: =$E57*Q$11 -> 55.2 | S57: =$E57*$S$11 -> 22.8 | T57: =E57*$T$11 -> 22.8 | U57: =E57*$U$11 -> 33.6 | W57: =W$11*$E57 -> 48 | X57: =X$11*$E57 -> 51.2 | Y57: =Y$11*$E57 -> 51.2 | Z57: =Z$11*$E57 -> 47.2 | AC57: =AC$11*$E57 -> 51.2 | AE57: =AE$11*$E57 -> 66.8 | AF57: =AF$11*$E57 -> 64.4 | AG57: =AG$11*$E57 -> 60.8 | AH57: =AH$11*$E57 -> 60.4 | AI57: =AI$11*$E57 -> 60.8 | AJ57: =AJ$11*$E57 -> 69.6
A58: 339660 | B58: Carreg. frontal pneus 950-L severa | C58: S | E58: 4 | F58: {=SUMPRODUCT((1*($G$9:$AM$9="x")),G58:AM58)} -> 136.4 | G58: =$E58*G$11 -> 37.2 | H58: =$E58*H$11 -> 46.8 | I58: =$E58*I$11 -> 43.6 | J58: =$E58*J$11 -> 42.8 | K58: =$E58*K$11 -> 49.2 | L58: =$E58*L$11 -> 96 | M58: =$E58*M$11 -> 51.2 | N58: =$E58*N$11 -> 48.4 | ... Q58: =$E58*Q$11 -> 55.2 | S58: =$E58*$S$11 -> 22.8 | T58: =E58*$T$11 -> 22.8 | U58: =E58*$U$11 -> 33.6 | W58: =W$11*$E58 -> 48 | X58: =X$11*$E58 -> 51.2 | Y58: =Y$11*$E58 -> 51.2 | Z58: =Z$11*$E58 -> 47.2 | AC58: =AC$11*$E58 -> 51.2 | AE58: =AE$11*$E58 -> 66.8 | AF58: =AF$11*$E58 -> 64.4 | AG58: =AG$11*$E58 -> 60.8 | AH58: =AH$11*$E58 -> 60.4 | AI58: =AI$11*$E58 -> 60.8 | AJ58: =AJ$11*$E58 -> 69.6
A59: 306010 | B59: Carreta de perfuração | C59: M | D59: =D52 -> Cavalo mecânico com semirreboque - 22 t | E59: 4 | F59: {=SUMPRODUCT((1*($G$9:$AM$9="x")),G59:AM59)} -> 136.4 | G59: =$E59*G$11 -> 37.2 | H59: =$E59*H$11 -> 46.8 | I59: =$E59*I$11 -> 43.6 | J59: =$E59*J$11 -> 42.8 | K59: =$E59*K$11 -> 49.2 | L59: =$E59*L$11 -> 96 | M59: =$E59*M$11 -> 51.2 | N59: =$E59*N$11 -> 48.4 | ... Q59: =$E59*Q$11 -> 55.2 | S59: =$E59*$S$11 -> 22.8 | T59: =E59*$T$11 -> 22.8 | U59: =E59*$U$11 -> 33.6 | W59: =W$11*$E59 -> 48 | X59: =X$11*$E59 -> 51.2 | Y59: =Y$11*$E59 -> 51.2 | Z59: =Z$11*$E59 -> 47.2 | AC59: =AC$11*$E59 -> 51.2 | AE59: =AE$11*$E59 -> 66.8 | AF59: =AF$11*$E59 -> 64.4 | AG59: =AG$11*$E59 -> 60.8 | AH59: =AH$11*$E59 -> 60.4 | AI59: =AI$11*$E59 -> 60.8 | AJ59: =AJ$11*$E59 -> 69.6
A60: 301800 | B60: Carrinho de concretagem 80 l | C60: M | D60: pequeno porte | F60: {=SUMPRODUCT((1*($G$9:$AM$9="x")),G60:AM60)} -> 0
A61: 310030 | B61: Central dosadora de concreto capac. 30 m3/h | C61: M | D61: =D52 -> Cavalo mecânico com semirreboque - 22 t | E61: 4 | F61: {=SUMPRODUCT((1*($G$9:$AM$9="x")),G61:AM61)} -> 136.4 | G61: =$E61*G$11 -> 37.2 | H61: =E61*$H$11 -> 46.8 | I61: =E61*$I$11 -> 43.6 | J61: =E61*$J$11 -> 42.8 | K61: =E61*$K$11 -> 49.2 | L61: =$E61*L$11 -> 96 | M61: =$E61*M$11 -> 51.2 | N61: =$E61*N$11 -> 48.4 | O61: =$E61*O$11 -> 32 | P61: =$E61*P$11 -> 30.8 | Q61: =$E61*Q$11 -> 55.2 | S61: =$E61*$S$11 -> 22.8 | T61: =E61*$T$11 -> 22.8 | U61: =E61*$U$11 -> 33.6 | W61: =W$11*$E61 -> 48 | X61: =X$11*$E61 -> 51.2 | Y61: =Y$11*$E61 -> 51.2 | Z61: =Z$11*$E61 -> 47.2 | AC61: =AC$11*$E61 -> 51.2 | AE61: =AE$11*$E61 -> 66.8 | AF61: =AF$11*$E61 -> 64.4 | AG61: =AG$11*$E61 -> 60.8 | AH61: =AH$11*$E61 -> 60.4 | AI61: =AI$11*$E61 -> 60.8 | AJ61: =AJ$11*$E61 -> 69.6
A62: 300125 | B62: Central dosadora de Concreto capacidade 150m³/h - Dosadora e misturadora | C62: M | E62: 4 | F62: {=SUMPRODUCT((1*($G$9:$AM$9="x")),G62:AM62)} -> 136.4 | G62: =$E62*G$11 -> 37.2 | H62: =E62*$H$11 -> 46.8 | I62: =E62*$I$11 -> 43.6 | J62: =E62*$J$11 -> 42.8 | K62: =E62*$K$11 -> 49.2 | L62: =$E62*L$11 -> 96 | M62: =$E62*M$11 -> 51.2 | N62: =$E62*N$11 -> 48.4 | O62: =$E62*O$11 -> 32 | P62: =$E62*P$11 -> 30.8 | Q62: =$E62*Q$11 -> 55.2 | S62: =$E62*$S$11 -> 22.8 | T62: =E62*$T$11 -> 22.8 | U62: =E62*$U$11 -> 33.6 | W62: =W$11*$E62 -> 48 | X62: =X$11*$E62 -> 51.2 | Y62: =Y$11*$E62 -> 51.2 | Z62: =Z$11*$E62 -> 47.2 | AC62: =AC$11*$E62 -> 51.2 | AE62: =AE$11*$E62 -> 66.8 | AF62: =AF$11*$E62 -> 64.4 | AG62: =AG$11*$E62 -> 60.8 | AH62: =AH$11*$E62 -> 60.4 | AI62: =AI$11*$E62 -> 60.8 | AJ62: =AJ$11*$E62 -> 69.6
A63: 340200 | B63: Compactador manual solos gasolina | C63: M | D63: pequeno porte | F63: {=SUMPRODUCT((1*($G$9:$AM$9="x")),G63:AM63)} -> 0
A64: 340800 | B64: Compressor de ar 175 pcm | C64: M | D64: pequeno porte | F64: {=SUMPRODUCT((1*($G$9:$AM$9="x")),G64:AM64)} -> 0
A65: 341200 | B65: Compressor de ar 293 pcm | C65: M | D65: pequeno porte | F65: {=SUMPRODUCT((1*($G$9:$AM$9="x")),G65:AM65)} -> 0
A66: 347000 | B66: Compressor de ar 748 pcm | C66: M | D66: pequeno porte | F66: {=SUMPRODUCT((1*($G$9:$AM$9="x")),G66:AM66)} -> 0
A67: 300510 | B67: Conj. britagem completo 80 m3/h | C67: M | D67: =D52 -> Cavalo mecânico com semirreboque - 22 t | E67: 4 | F67: {=SUMPRODUCT((1*($G$9:$AM$9="x")),G67:AM67)} -> 136.4 | G67: =$E67*G$11 -> 37.2 | H67: =$E67*H$11 -> 46.8 | I67: =$E67*I$11 -> 43.6 | J67: =$E67*J$11 -> 42.8 | K67: =$E67*K$11 -> 49.2 | L67: =$E67*L$11 -> 96 | M67: =$E67*M$11 -> 51.2 | N67: =$E67*N$11 -> 48.4 | ... Q67: =$E67*Q$11 -> 55.2 | S67: =$E67*$S$11 -> 22.8 | T67: =E67*$T$11 -> 22.8 | U67: =E67*$U$11 -> 33.6 | W67: =W$11*$E67 -> 48 | X67: =X$11*$E67 -> 51.2 | Y67: =Y$11*$E67 -> 51.2 | Z67: =Z$11*$E67 -> 47.2 | AC67: =AC$11*$E67 -> 51.2 | AE67: =AE$11*$E67 -> 66.8 | AF67: =AF$11*$E67 -> 64.4 | AG67: =AG$11*$E67 -> 60.8 | AH67: =AH$11*$E67 -> 60.4 | AI67: =AI$11*$E67 -> 60.8 | AJ67: =AJ$11*$E67 -> 69.6
A68: 300130 | B68: Distr. agregados rebocável 1,90 m3 | C68: M | D68: pequeno porte | F68: {=SUMPRODUCT((1*($G$9:$AM$9="x")),G68:AM68)} -> 0
A69: 340320 | B69: Distr. agregados rebocável 9 m³ | C69: M | D69: pequeno porte | F69: {=SUMPRODUCT((1*($G$9:$AM$9="x")),G69:AM69)} -> 0
A70: 300800 | B70: Enxada rotativa rebocável | C70: M | D70: pequeno porte | F70: {=SUMPRODUCT((1*($G$9:$AM$9="x")),G70:AM70)} -> 0
A71: 370400 | B71: Equipamento aplicação termoplástico Spray/Extrusão | C71: M | D71: 370400 | E71: 3 | F71: {=SUMPRODUCT((1*($G$9:$AM$9="x")),G71:AM71)} -> 102.3 | G71: =$E71*G$11 -> 27.9 | H71: =$E71*H$11 -> 35.1 | I71: =$E71*I$11 -> 32.7 | J71: =$E71*J$11 -> 32.1 | K71: =$E71*K$11 -> 36.9 | L71: =$E71*L$11 -> 72 | M71: =$E71*M$11 -> 38.4 | N71: =$E71*N$11 -> 36.3 | ... Q71: =$E71*Q$11 -> 41.4 | S71: =$E71*$S$11 -> 17.1 | T71: =E71*$T$11 -> 17.1 | U71: =E71*$U$11 -> 25.2 | W71: =W$11*$E71 -> 36 | X71: =X$11*$E71 -> 38.4 | Y71: =Y$11*$E71 -> 38.4 | Z71: =Z$11*$E71 -> 35.4 | AC71: =AC$11*$E71 -> 38.4 | AE71: =AE$11*$E71 -> 50.1 | AF71: =AF$11*$E71 -> 48.3 | AG71: =AG$11*$E71 -> 45.6 | AH71: =AH$11*$E71 -> 45.3 | AI71: =AI$11*$E71 -> 45.6 | AJ71: =AJ$11*$E71 -> 52.2
A72: 370700 | B72: Equipamento demarcação faixa a frio | C72: M | D72: =A72 -> 370700 | E72: 2 | F72: {=SUMPRODUCT((1*($G$9:$AM$9="x")),G72:AM72)} -> 68.2 | G72: =$E72*G$11 -> 18.6 | H72: =$E72*H$11 -> 23.4 | I72: =$E72*I$11 -> 21.8 | J72: =$E72*J$11 -> 21.4 | K72: =$E72*K$11 -> 24.6 | L72: =$E72*L$11 -> 48 | M72: =$E72*M$11 -> 25.6 | N72: =$E72*N$11 -> 24.2 | ... Q72: =$E72*Q$11 -> 27.6 | S72: =$E72*$S$11 -> 11.4 | T72: =E72*$T$11 -> 11.4 | U72: =E72*$U$11 -> 16.8 | W72: =W$11*$E72 -> 24 | X72: =X$11*$E72 -> 25.6 | Y72: =Y$11*$E72 -> 25.6 | Z72: =Z$11*$E72 -> 23.6 | AC72: =AC$11*$E72 -> 25.6 | AE72: =AE$11*$E72 -> 33.4 | AF72: =AF$11*$E72 -> 32.2 | AG72: =AG$11*$E72 -> 30.4 | AH72: =AH$11*$E72 -> 30.2 | AI72: =AI$11*$E72 -> 30.4 | AJ72: =AJ$11*$E72 -> 34.8
A73: 316000 | B73: Equipamento p/ hidrossemeadura | C73: M | D73: =A73 -> 316000 | E73: 2 | F73: {=SUMPRODUCT((1*($G$9:$AM$9="x")),G73:AM73)} -> 68.2 | G73: =$E73*G$11 -> 18.6 | H73: =$E73*H$11 -> 23.4 | I73: =$E73*I$11 -> 21.8 | J73: =$E73*J$11 -> 21.4 | K73: =$E73*K$11 -> 24.6 | L73: =$E73*L$11 -> 48 | M73: =$E73*M$11 -> 25.6 | N73: =$E73*N$11 -> 24.2 | ... Q73: =$E73*Q$11 -> 27.6 | S73: =$E73*$S$11 -> 11.4 | T73: =E73*$T$11 -> 11.4 | U73: =E73*$U$11 -> 16.8 | W73: =W$11*$E73 -> 24 | X73: =X$11*$E73 -> 25.6 | Y73: =Y$11*$E73 -> 25.6 | Z73: =Z$11*$E73 -> 23.6 | AC73: =AC$11*$E73 -> 25.6 | AE73: =AE$11*$E73 -> 33.4 | AF73: =AF$11*$E73 -> 32.2 | AG73: =AG$11*$E73 -> 30.4 | AH73: =AH$11*$E73 -> 30.2 | AI73: =AI$11*$E73 -> 30.4 | AJ73: =AJ$11*$E73 -> 34.8
A74: 370150 | B74: Equipamento para lama asfáltica LA-6 | C74: M | D74: =A74 -> 370150 | E74: 2 | F74: {=SUMPRODUCT((1*($G$9:$AM$9="x")),G74:AM74)} -> 68.2 | G74: =$E74*G$11 -> 18.6 | H74: =$E74*H$11 -> 23.4 | I74: =$E74*I$11 -> 21.8 | J74: =$E74*J$11 -> 21.4 | K74: =$E74*K$11 -> 24.6 | L74: =$E74*L$11 -> 48 | M74: =$E74*M$11 -> 25.6 | N74: =$E74*N$11 -> 24.2 | ... Q74: =$E74*Q$11 -> 27.6 | S74: =$E74*$S$11 -> 11.4 | T74: =E74*$T$11 -> 11.4 | U74: =E74*$U$11 -> 16.8 | W74: =W$11*$E74 -> 24 | X74: =X$11*$E74 -> 25.6 | Y74: =Y$11*$E74 -> 25.6 | Z74: =Z$11*$E74 -> 23.6 | AC74: =AC$11*$E74 -> 25.6 | AE74: =AE$11*$E74 -> 33.4 | AF74: =AF$11*$E74 -> 32.2 | AG74: =AG$11*$E74 -> 30.4 | AH74: =AH$11*$E74 -> 30.2 | AI74: =AI$11*$E74 -> 30.4 | AJ74: =AJ$11*$E74 -> 34.8
A75: 370600 | B75: Equipamento p/fusão e aplicação manual de termoplástico | C75: M | D75: =D52 -> Cavalo mecânico com semirreboque - 22 t | E75: 4 | F75: {=SUMPRODUCT((1*($G$9:$AM$9="x")),G75:AM75)} -> 136.4 | G75: =$E75*G$11 -> 37.2 | H75: =$E75*H$11 -> 46.8 | I75: =$E75*I$11 -> 43.6 | J75: =$E75*J$11 -> 42.8 | K75: =$E75*K$11 -> 49.2 | L75: =$E75*L$11 -> 96 | M75: =$E75*M$11 -> 51.2 | N75: =$E75*N$11 -> 48.4 | ... Q75: =$E75*Q$11 -> 55.2 | S75: =$E75*$S$11 -> 22.8 | T75: =E75*$T$11 -> 22.8 | U75: =E75*$U$11 -> 33.6 | W75: =W$11*$E75 -> 48 | X75: =X$11*$E75 -> 51.2 | Y75: =Y$11*$E75 -> 51.2 | Z75: =Z$11*$E75 -> 47.2 | AC75: =AC$11*$E75 -> 51.2 | AE75: =AE$11*$E75 -> 66.8 | AF75: =AF$11*$E75 -> 64.4 | AG75: =AG$11*$E75 -> 60.8 | AH75: =AH$11*$E75 -> 60.4 | AI75: =AI$11*$E75 -> 60.8 | AJ75: =AJ$11*$E75 -> 69.6
A76: 311500 | B76: Escav. hidráulica EC-140 leve | C76: L | D76: =D52 -> Cavalo mecânico com semirreboque - 22 t | E76: 4 | F76: {=SUMPRODUCT((1*($G$9:$AM$9="x")),G76:AM76)} -> 136.4 | G76: =$E76*G$11 -> 37.2 | H76: =$E76*H$11 -> 46.8 | I76: =$E76*I$11 -> 43.6 | J76: =$E76*J$11 -> 42.8 | K76: =$E76*K$11 -> 49.2 | L76: =$E76*L$11 -> 96 | M76: =$E76*M$11 -> 51.2 | N76: =$E76*N$11 -> 48.4 | ... Q76: =$E76*Q$11 -> 55.2 | S76: =$E76*$S$11 -> 22.8 | T76: =E76*$T$11 -> 22.8 | U76: =E76*$U$11 -> 33.6 | W76: =W$11*$E76 -> 48 | X76: =X$11*$E76 -> 51.2 | Y76: =Y$11*$E76 -> 51.2 | Z76: =Z$11*$E76 -> 47.2 | AC76: =AC$11*$E76 -> 51.2 | AE76: =AE$11*$E76 -> 66.8 | AF76: =AF$11*$E76 -> 64.4 | AG76: =AG$11*$E76 -> 60.8 | AH76: =AH$11*$E76 -> 60.4 | AI76: =AI$11*$E76 -> 60.8 | AJ76: =AJ$11*$E76 -> 69.6
A77: 321500 | B77: Escav. hidráulica EC-140 média | C77: M | E77: 4 | F77: {=SUMPRODUCT((1*($G$9:$AM$9="x")),G77:AM77)} -> 136.4 | G77: =$E77*G$11 -> 37.2 | H77: =$E77*H$11 -> 46.8 | I77: =$E77*I$11 -> 43.6 | J77: =$E77*J$11 -> 42.8 | K77: =$E77*K$11 -> 49.2 | L77: =$E77*L$11 -> 96 | M77: =$E77*M$11 -> 51.2 | N77: =$E77*N$11 -> 48.4 | ... Q77: =$E77*Q$11 -> 55.2 | S77: =$E77*$S$11 -> 22.8 | T77: =E77*$T$11 -> 22.8 | U77: =E77*$U$11 -> 33.6 | W77: =W$11*$E77 -> 48 | X77: =X$11*$E77 -> 51.2 | Y77: =Y$11*$E77 -> 51.2 | Z77: =Z$11*$E77 -> 47.2 | AC77: =AC$11*$E77 -> 51.2 | AE77: =AE$11*$E77 -> 66.8 | AF77: =AF$11*$E77 -> 64.4 | AG77: =AG$11*$E77 -> 60.8 | AH77: =AH$11*$E77 -> 60.4 | AI77: =AI$11*$E77 -> 60.8 | AJ77: =AJ$11*$E77 -> 69.6
A78: 331500 | B78: Escav. hidráulica EC-140 severa | C78: S | E78: 4 | F78: {=SUMPRODUCT((1*($G$9:$AM$9="x")),G78:AM78)} -> 136.4 | G78: =$E78*G$11 -> 37.2 | H78: =$E78*H$11 -> 46.8 | I78: =$E78*I$11 -> 43.6 | J78: =$E78*J$11 -> 42.8 | K78: =$E78*K$11 -> 49.2 | L78: =$E78*L$11 -> 96 | M78: =$E78*M$11 -> 51.2 | N78: =$E78*N$11 -> 48.4 | ... Q78: =$E78*Q$11 -> 55.2 | S78: =$E78*$S$11 -> 22.8 | T78: =E78*$T$11 -> 22.8 | U78: =E78*$U$11 -> 33.6 | W78: =W$11*$E78 -> 48 | X78: =X$11*$E78 -> 51.2 | Y78: =Y$11*$E78 -> 51.2 | Z78: =Z$11*$E78 -> 47.2 | AC78: =AC$11*$E78 -> 51.2 | AE78: =AE$11*$E78 -> 66.8 | AF78: =AF$11*$E78 -> 64.4 | AG78: =AG$11*$E78 -> 60.8 | AH78: =AH$11*$E78 -> 60.4 | AI78: =AI$11*$E78 -> 60.8 | AJ78: =AJ$11*$E78 -> 69.6
A79: 313200 | B79: Escav. hidráulica 320D L leve | C79: L | E79: 4 | F79: {=SUMPRODUCT((1*($G$9:$AM$9="x")),G79:AM79)} -> 136.4 | G79: =$E79*G$11 -> 37.2 | H79: =$E79*H$11 -> 46.8 | I79: =$E79*I$11 -> 43.6 | J79: =$E79*J$11 -> 42.8 | K79: =$E79*K$11 -> 49.2 | L79: =$E79*L$11 -> 96 | M79: =$E79*M$11 -> 51.2 | N79: =$E79*N$11 -> 48.4 | ... Q79: =$E79*Q$11 -> 55.2 | S79: =$E79*$S$11 -> 22.8 | T79: =E79*$T$11 -> 22.8 | U79: =E79*$U$11 -> 33.6 | W79: =W$11*$E79 -> 48 | X79: =X$11*$E79 -> 51.2 | Y79: =Y$11*$E79 -> 51.2 | Z79: =Z$11*$E79 -> 47.2 | AC79: =AC$11*$E79 -> 51.2 | AE79: =AE$11*$E79 -> 66.8 | AF79: =AF$11*$E79 -> 64.4 | AG79: =AG$11*$E79 -> 60.8 | AH79: =AH$11*$E79 -> 60.4 | AI79: =AI$11*$E79 -> 60.8 | AJ79: =AJ$11*$E79 -> 69.6
A80: 323200 | B80: Escav. hidráulica 320D L média | C80: M | E80: 4 | F80: {=SUMPRODUCT((1*($G$9:$AM$9="x")),G80:AM80)} -> 136.4 | G80: =$E80*G$11 -> 37.2 | H80: =$E80*H$11 -> 46.8 | I80: =$E80*I$11 -> 43.6 | J80: =$E80*J$11 -> 42.8 | K80: =$E80*K$11 -> 49.2 | L80: =$E80*L$11 -> 96 | M80: =$E80*M$11 -> 51.2 | N80: =$E80*N$11 -> 48.4 | ... Q80: =$E80*Q$11 -> 55.2 | S80: =$E80*$S$11 -> 22.8 | T80: =E80*$T$11 -> 22.8 | U80: =E80*$U$11 -> 33.6 | W80: =W$11*$E80 -> 48 | X80: =X$11*$E80 -> 51.2 | Y80: =Y$11*$E80 -> 51.2 | Z80: =Z$11*$E80 -> 47.2 | AC80: =AC$11*$E80 -> 51.2 | AE80: =AE$11*$E80 -> 66.8 | AF80: =AF$11*$E80 -> 64.4 | AG80: =AG$11*$E80 -> 60.8 | AH80: =AH$11*$E80 -> 60.4 | AI80: =AI$11*$E80 -> 60.8 | AJ80: =AJ$11*$E80 -> 69.6
A81: 333200 | B81: Escav. hidráulica 320D L severa | C81: S | E81: 4 | F81: {=SUMPRODUCT((1*($G$9:$AM$9="x")),G81:AM81)} -> 136.4 | G81: =$E81*G$11 -> 37.2 | H81: =$E81*H$11 -> 46.8 | I81: =$E81*I$11 -> 43.6 | J81: =$E81*J$11 -> 42.8 | K81: =$E81*K$11 -> 49.2 | L81: =$E81*L$11 -> 96 | M81: =$E81*M$11 -> 51.2 | N81: =$E81*N$11 -> 48.4 | ... Q81: =$E81*Q$11 -> 55.2 | S81: =$E81*$S$11 -> 22.8 | T81: =E81*$T$11 -> 22.8 | U81: =E81*$U$11 -> 33.6 | W81: =W$11*$E81 -> 48 | X81: =X$11*$E81 -> 51.2 | Y81: =Y$11*$E81 -> 51.2 | Z81: =Z$11*$E81 -> 47.2 | AC81: =AC$11*$E81 -> 51.2 | AE81: =AE$11*$E81 -> 66.8 | AF81: =AF$11*$E81 -> 64.4 | AG81: =AG$11*$E81 -> 60.8 | AH81: =AH$11*$E81 -> 60.4 | AI81: =AI$11*$E81 -> 60.8 | AJ81: =AJ$11*$E81 -> 69.6
A82: 313300 | B82: Escav. hidráulica 336D L leve | C82: L | E82: 4 | F82: {=SUMPRODUCT((1*($G$9:$AM$9="x")),G82:AM82)} -> 136.4 | G82: =$E82*G$11 -> 37.2 | H82: =$E82*H$11 -> 46.8 | I82: =$E82*I$11 -> 43.6 | J82: =$E82*J$11 -> 42.8 | K82: =$E82*K$11 -> 49.2 | L82: =$E82*L$11 -> 96 | M82: =$E82*M$11 -> 51.2 | N82: =$E82*N$11 -> 48.4 | ... Q82: =$E82*Q$11 -> 55.2 | S82: =$E82*$S$11 -> 22.8 | T82: =E82*$T$11 -> 22.8 | U82: =E82*$U$11 -> 33.6 | W82: =W$11*$E82 -> 48 | X82: =X$11*$E82 -> 51.2 | Y82: =Y$11*$E82 -> 51.2 | Z82: =Z$11*$E82 -> 47.2 | AC82: =AC$11*$E82 -> 51.2 | AE82: =AE$11*$E82 -> 66.8 | AF82: =AF$11*$E82 -> 64.4 | AG82: =AG$11*$E82 -> 60.8 | AH82: =AH$11*$E82 -> 60.4 | AI82: =AI$11*$E82 -> 60.8 | AJ82: =AJ$11*$E82 -> 69.6
A83: 323300 | B83: Escav. hidráulica 336D L média | C83: M | E83: 4 | F83: {=SUMPRODUCT((1*($G$9:$AM$9="x")),G83:AM83)} -> 136.4 | G83: =$E83*G$11 -> 37.2 | H83: =$E83*H$11 -> 46.8 | I83: =$E83*I$11 -> 43.6 | J83: =$E83*J$11 -> 42.8 | K83: =$E83*K$11 -> 49.2 | L83: =$E83*L$11 -> 96 | M83: =$E83*M$11 -> 51.2 | N83: =$E83*N$11 -> 48.4 | ... Q83: =$E83*Q$11 -> 55.2 | S83: =$E83*$S$11 -> 22.8 | T83: =E83*$T$11 -> 22.8 | U83: =E83*$U$11 -> 33.6 | W83: =W$11*$E83 -> 48 | X83: =X$11*$E83 -> 51.2 | Y83: =Y$11*$E83 -> 51.2 | Z83: =Z$11*$E83 -> 47.2 | AC83: =AC$11*$E83 -> 51.2 | AE83: =AE$11*$E83 -> 66.8 | AF83: =AF$11*$E83 -> 64.4 | AG83: =AG$11*$E83 -> 60.8 | AH83: =AH$11*$E83 -> 60.4 | AI83: =AI$11*$E83 -> 60.8 | AJ83: =AJ$11*$E83 -> 69.6
A84: 333300 | B84: Escav. hidráulica 336D L severa | C84: S | E84: 4 | F84: {=SUMPRODUCT((1*($G$9:$AM$9="x")),G84:AM84)} -> 136.4 | G84: =$E84*G$11 -> 37.2 | H84: =$E84*H$11 -> 46.8 | I84: =$E84*I$11 -> 43.6 | J84: =$E84*J$11 -> 42.8 | K84: =$E84*K$11 -> 49.2 | L84: =$E84*L$11 -> 96 | M84: =$E84*M$11 -> 51.2 | N84: =$E84*N$11 -> 48.4 | ... Q84: =$E84*Q$11 -> 55.2 | S84: =$E84*$S$11 -> 22.8 | T84: =E84*$T$11 -> 22.8 | U84: =E84*$U$11 -> 33.6 | W84: =W$11*$E84 -> 48 | X84: =X$11*$E84 -> 51.2 | Y84: =Y$11*$E84 -> 51.2 | Z84: =Z$11*$E84 -> 47.2 | AC84: =AC$11*$E84 -> 51.2 | AE84: =AE$11*$E84 -> 66.8 | AF84: =AF$11*$E84 -> 64.4 | AG84: =AG$11*$E84 -> 60.8 | AH84: =AH$11*$E84 -> 60.4 | AI84: =AI$11*$E84 -> 60.8 | AJ84: =AJ$11*$E84 -> 69.6
A85: 320800 | B85: Escav. hidráulica 580N C média | C85: M | E85: 4 | F85: {=SUMPRODUCT((1*($G$9:$AM$9="x")),G85:AM85)} -> 136.4 | G85: =$E85*G$11 -> 37.2 | H85: =$E85*H$11 -> 46.8 | I85: =$E85*I$11 -> 43.6 | J85: =$E85*J$11 -> 42.8 | K85: =$E85*K$11 -> 49.2 | L85: =$E85*L$11 -> 96 | M85: =$E85*M$11 -> 51.2 | N85: =$E85*N$11 -> 48.4 | ... Q85: =$E85*Q$11 -> 55.2 | S85: =$E85*$S$11 -> 22.8 | T85: =E85*$T$11 -> 22.8 | U85: =E85*$U$11 -> 33.6 | W85: =W$11*$E85 -> 48 | X85: =X$11*$E85 -> 51.2 | Y85: =Y$11*$E85 -> 51.2 | Z85: =Z$11*$E85 -> 47.2 | AC85: =AC$11*$E85 -> 51.2 | AE85: =AE$11*$E85 -> 66.8 | AF85: =AF$11*$E85 -> 64.4 | AG85: =AG$11*$E85 -> 60.8 | AH85: =AH$11*$E85 -> 60.4 | AI85: =AI$11*$E85 -> 60.8 | AJ85: =AJ$11*$E85 -> 69.6
A86: 330800 | B86: Escav. hidráulica 580N C severa | C86: S | E86: 4 | F86: {=SUMPRODUCT((1*($G$9:$AM$9="x")),G86:AM86)} -> 136.4 | G86: =$E86*G$11 -> 37.2 | H86: =$E86*H$11 -> 46.8 | I86: =$E86*I$11 -> 43.6 | J86: =$E86*J$11 -> 42.8 | K86: =$E86*K$11 -> 49.2 | L86: =$E86*L$11 -> 96 | M86: =$E86*M$11 -> 51.2 | N86: =$E86*N$11 -> 48.4 | ... Q86: =$E86*Q$11 -> 55.2 | S86: =$E86*$S$11 -> 22.8 | T86: =E86*$T$11 -> 22.8 | U86: =E86*$U$11 -> 33.6 | W86: =W$11*$E86 -> 48 | X86: =X$11*$E86 -> 51.2 | Y86: =Y$11*$E86 -> 51.2 | Z86: =Z$11*$E86 -> 47.2 | AC86: =AC$11*$E86 -> 51.2 | AE86: =AE$11*$E86 -> 66.8 | AF86: =AF$11*$E86 -> 64.4 | AG86: =AG$11*$E86 -> 60.8 | AH86: =AH$11*$E86 -> 60.4 | AI86: =AI$11*$E86 -> 60.8 | AJ86: =AJ$11*$E86 -> 69.6
A87: 310800 | B87: Escav. hidráulica 580N leve | C87: L | E87: 4 | F87: {=SUMPRODUCT((1*($G$9:$AM$9="x")),G87:AM87)} -> 136.4 | G87: =$E87*G$11 -> 37.2 | H87: =$E87*H$11 -> 46.8 | I87: =$E87*I$11 -> 43.6 | J87: =$E87*J$11 -> 42.8 | K87: =$E87*K$11 -> 49.2 | L87: =$E87*L$11 -> 96 | M87: =$E87*M$11 -> 51.2 | N87: =$E87*N$11 -> 48.4 | ... Q87: =$E87*Q$11 -> 55.2 | S87: =$E87*$S$11 -> 22.8 | T87: =E87*$T$11 -> 22.8 | U87: =E87*$U$11 -> 33.6 | W87: =W$11*$E87 -> 48 | X87: =X$11*$E87 -> 51.2 | Y87: =Y$11*$E87 -> 51.2 | Z87: =Z$11*$E87 -> 47.2 | AC87: =AC$11*$E87 -> 51.2 | AE87: =AE$11*$E87 -> 66.8 | AF87: =AF$11*$E87 -> 64.4 | AG87: =AG$11*$E87 -> 60.8 | AH87: =AH$11*$E87 -> 60.4 | AI87: =AI$11*$E87 -> 60.8 | AJ87: =AJ$11*$E87 -> 69.6
A88: 370060 | B88: Espargidor de asfalto 6000 l | C88: M | D88: =A88 -> 370060 | E88: 3 | F88: {=SUMPRODUCT((1*($G$9:$AM$9="x")),G88:AM88)} -> 102.3 | G88: =$E88*G$11 -> 27.9 | H88: =$E88*H$11 -> 35.1 | I88: =$E88*I$11 -> 32.7 | J88: =$E88*J$11 -> 32.1 | K88: =$E88*K$11 -> 36.9 | L88: =E88*$L$11 -> 72 | M88: =E88*$M$11 -> 38.4 | N88: =E88*$N$11 -> 36.3 | O88: =$E88*$O$11 -> 24 | P88: =$E88*$P$11 -> 23.1 | Q88: =E88*$Q$11 -> 41.4 | S88: =$E88*$S$11 -> 17.1 | T88: =E88*$T$11 -> 17.1 | U88: =E88*$U$11 -> 25.2 | W88: =W$11*$E88 -> 36 | X88: =X$11*$E88 -> 38.4 | Y88: =Y$11*$E88 -> 38.4 | Z88: =Z$11*$E88 -> 35.4 | AC88: =AC$11*$E88 -> 38.4 | AE88: =AE$11*$E88 -> 50.1 | AF88: =AF$11*$E88 -> 48.3 | AG88: =AG$11*$E88 -> 45.6 | AH88: =AH$11*$E88 -> 45.3 | AI88: =AI$11*$E88 -> 45.6 | AJ88: =AJ$11*$E88 -> 52.2
A89: 370040 | B89: Espargidor p/asfalto borracha 20 t EHR-700H | C89: M | D89: =A89 -> 370040 | E89: 3 | F89: {=SUMPRODUCT((1*($G$9:$AM$9="x")),G89:AM89)} -> 102.3 | G89: =$E89*G$11 -> 27.9 | H89: =$E89*H$11 -> 35.1 | I89: =$E89*I$11 -> 32.7 | J89: =$E89*J$11 -> 32.1 | K89: =$E89*K$11 -> 36.9 | L89: =E89*$L$11 -> 72 | M89: =E89*$M$11 -> 38.4 | N89: =E89*$N$11 -> 36.3 | O89: =$E89*$O$11 -> 24 | P89: =$E89*$P$11 -> 23.1 | Q89: =E89*$Q$11 -> 41.4 | S89: =$E89*$S$11 -> 17.1 | T89: =E89*$T$11 -> 17.1 | U89: =E89*$U$11 -> 25.2 | W89: =W$11*$E89 -> 36 | X89: =X$11*$E89 -> 38.4 | Y89: =Y$11*$E89 -> 38.4 | Z89: =Z$11*$E89 -> 35.4 | AC89: =AC$11*$E89 -> 38.4 | AE89: =AE$11*$E89 -> 50.1 | AF89: =AF$11*$E89 -> 48.3 | AG89: =AG$11*$E89 -> 45.6 | AH89: =AH$11*$E89 -> 45.3 | AI89: =AI$11*$E89 -> 45.6 | AJ89: =AJ$11*$E89 -> 52.2
A90: 390200 | B90: Extrusora para defensa de concreto armada | C90: M | D90: Cavalo mecânico com semirreboque - 22 t | E90: 4 | F90: {=SUMPRODUCT((1*($G$9:$AM$9="x")),G90:AM90)} -> 136.4 | G90: =$E90*G$11 -> 37.2 | H90: =$E90*H$11 -> 46.8 | I90: =$E90*I$11 -> 43.6 | J90: =$E90*J$11 -> 42.8 | K90: =$E90*K$11 -> 49.2 | L90: =$E90*L$11 -> 96 | M90: =$E90*M$11 -> 51.2 | N90: =$E90*N$11 -> 48.4 | ... Q90: =$E90*Q$11 -> 55.2 | S90: =$E$90*S$11 -> 22.8 | T90: =$E$90*T$11 -> 22.8 | U90: =$E$90*U$11 -> 33.6 | W90: =W$11*$E90 -> 48 | X90: =X$11*$E90 -> 51.2 | Y90: =Y$11*$E90 -> 51.2 | Z90: =Z$11*$E90 -> 47.2 | AC90: =AC$11*$E90 -> 51.2 | AE90: =AE$11*$E90 -> 66.8 | AF90: =AF$11*$E90 -> 64.4 | AG90: =AG$11*$E90 -> 60.8 | AH90: =AH$11*$E90 -> 60.4 | AI90: =AI$11*$E90 -> 60.8 | AJ90: =AJ$11*$E90 -> 69.6
A91: 390100 | B91: Extrusora para meio fio de concreto | C91: M | E91: 4 | F91: {=SUMPRODUCT((1*($G$9:$AM$9="x")),G91:AM91)} -> 37.2 | G91: =$E91*G$11 -> 37.2 | H91: =$E91*H$11 -> 46.8 | I91: =$E91*I$11 -> 43.6 | J91: =$E91*J$11 -> 42.8 | K91: =$E91*K$11 -> 49.2 | L91: =$E91*L$11 -> 96 | M91: =$E91*M$11 -> 51.2 | N91: =$E91*N$11 -> 48.4 | ... Q91: =$E91*Q$11 -> 55.2 | S91: =$E$90*S$11 -> 22.8 | T91: =$E$90*T$11 -> 22.8 | U91: =$E$90*U$11 -> 33.6
A92: 300010 | B92: Forma metálica p/ abrigo | C92: M | D92: pequeno porte | F92: {=SUMPRODUCT((1*($G$9:$AM$9="x")),G92:AM92)} -> 0
A93: 351500 | B93: Fresadora asfalto a frio PM-313 | C93: M | D93: =D52 -> Cavalo mecânico com semirreboque - 22 t | E93: 4 | F93: {=SUMPRODUCT((1*($G$9:$AM$9="x")),G93:AM93)} -> 136.4 | G93: =$E93*G$11 -> 37.2 | H93: =$E93*H$11 -> 46.8 | I93: =$E93*I$11 -> 43.6 | J93: =$E93*J$11 -> 42.8 | K93: =$E93*K$11 -> 49.2 | L93: =$E93*L$11 -> 96 | M93: =$E93*M$11 -> 51.2 | N93: =$E93*N$11 -> 48.4 | ... Q93: =$E93*Q$11 -> 55.2 | S93: 20.8 | T93: 20.8 | U93: =E93*$U$11 -> 33.6 | W93: =W$11*$E93 -> 48 | X93: =X$11*$E93 -> 51.2 | Y93: =Y$11*$E93 -> 51.2 | Z93: =Z$11*$E93 -> 47.2 | AC93: =AC$11*$E93 -> 51.2 | AE93: =AE$11*$E93 -> 66.8 | AF93: =AF$11*$E93 -> 64.4 | AG93: =AG$11*$E93 -> 60.8 | AH93: =AH$11*$E93 -> 60.4 | AI93: =AI$11*$E93 -> 60.8 | AJ93: =AJ$11*$E93 -> 69.6
A94: 351000 | B94: Fresadora asfalto a frio W 100 HR | C94: M | E94: 4 | F94: {=SUMPRODUCT((1*($G$9:$AM$9="x")),G94:AM94)} -> 136.4 | G94: =$E94*G$11 -> 37.2 | H94: =$E94*H$11 -> 46.8 | I94: =$E94*I$11 -> 43.6 | J94: =$E94*J$11 -> 42.8 | K94: =$E94*K$11 -> 49.2 | L94: =$E94*L$11 -> 96 | M94: =$E94*M$11 -> 51.2 | N94: =$E94*N$11 -> 48.4 | ... Q94: =$E94*Q$11 -> 55.2 | S94: 20.8 | T94: 20.8 | U94: =E94*$U$11 -> 33.6 | W94: =W$11*$E94 -> 48 | X94: =X$11*$E94 -> 51.2 | Y94: =Y$11*$E94 -> 51.2 | Z94: =Z$11*$E94 -> 47.2 | AC94: =AC$11*$E94 -> 51.2 | AE94: =AE$11*$E94 -> 66.8 | AF94: =AF$11*$E94 -> 64.4 | AG94: =AG$11*$E94 -> 60.8 | AH94: =AH$11*$E94 -> 60.4 | AI94: =AI$11*$E94 -> 60.8 | AJ94: =AJ$11*$E94 -> 69.6
A95: 352000 | B95: Fresadora asfalto a frio W-200 F | C95: M | E95: 4 | F95: {=SUMPRODUCT((1*($G$9:$AM$9="x")),G95:AM95)} -> 136.4 | G95: =$E95*G$11 -> 37.2 | H95: =$E95*H$11 -> 46.8 | I95: =$E95*I$11 -> 43.6 | J95: =$E95*J$11 -> 42.8 | K95: =$E95*K$11 -> 49.2 | L95: =$E95*L$11 -> 96 | M95: =$E95*M$11 -> 51.2 | N95: =$E95*N$11 -> 48.4 | ... Q95: =$E95*Q$11 -> 55.2 | S95: 20.8 | T95: 20.8 | U95: =E95*$U$11 -> 33.6 | W95: =W$11*$E95 -> 48 | X95: =X$11*$E95 -> 51.2 | Y95: =Y$11*$E95 -> 51.2 | Z95: =Z$11*$E95 -> 47.2 | AC95: =AC$11*$E95 -> 51.2 | AE95: =AE$11*$E95 -> 66.8 | AF95: =AF$11*$E95 -> 64.4 | AG95: =AG$11*$E95 -> 60.8 | AH95: =AH$11*$E95 -> 60.4 | AI95: =AI$11*$E95 -> 60.8 | AJ95: =AJ$11*$E95 -> 69.6
A96: 371200 | B96: Furadeira elétrica de impacto | C96: M | D96: pequeno porte | F96: {=SUMPRODUCT((1*($G$9:$AM$9="x")),G96:AM96)} -> 0
A97: 344000 | B97: Gerador de solda ES 400 ED | C97: M | D97: pequeno porte | F97: {=SUMPRODUCT((1*($G$9:$AM$9="x")),G97:AM97)} -> 0
A98: 300240 | B98: Grade de discos | C98: M | D98: pequeno porte | F98: {=SUMPRODUCT((1*($G$9:$AM$9="x")),G98:AM98)} -> 0
A99: 340400 | B99: Grupo gerador 40 KVA | C99: M | D99: pequeno porte | F99: {=SUMPRODUCT((1*($G$9:$AM$9="x")),G99:AM99)} -> 0
A100: 340610 | B100: Grupo gerador 55 KVA | C100: M | D100: pequeno porte | F100: {=SUMPRODUCT((1*($G$9:$AM$9="x")),G100:AM100)} -> 0
A101: 340300 | B101: Grupo gerador 8 KVA | C101: M | D101: pequeno porte | F101: {=SUMPRODUCT((1*($G$9:$AM$9="x")),G101:AM101)} -> 0
A102: 341810 | B102: Grupo gerador 150 KVA | C102: M | D102: pequeno porte | F102: {=SUMPRODUCT((1*($G$9:$AM$9="x")),G102:AM102)} -> 0
A103: 343600 | B103: Grupo gerador 450 KVA | C103: M | D103: pequeno porte | F103: {=SUMPRODUCT((1*($G$9:$AM$9="x")),G103:AM103)} -> 0
A104: 399910 | B104: Guindaste para 30T | D104: 399910 | E104: 3 | F104: {=SUMPRODUCT((1*($G$9:$AM$9="x")),G104:AM104)} -> 102.3 | G104: =$E104*G$11 -> 27.9 | H104: =$E104*H$11 -> 35.1 | I104: =$E104*I$11 -> 32.7 | J104: =$E104*J$11 -> 32.1 | K104: =$E104*K$11 -> 36.9 | L104: =E104*$L$11 -> 72 | M104: =E104*$M$11 -> 38.4 | N104: =E104*$N$11 -> 36.3 | O104: =$E104*$O$11 -> 24 | P104: =$E104*$P$11 -> 23.1 | Q104: =E104*$Q$11 -> 41.4 | S104: =E104*$S$11 -> 17.1 | T104: =E104*$T$11 -> 17.1 | U104: =E104*$U$11 -> 25.2 | W104: =W$11*$E104 -> 36 | X104: =X$11*$E104 -> 38.4 | Y104: =Y$11*$E104 -> 38.4 | Z104: =Z$11*$E104 -> 35.4 | AC104: =AC$11*$E104 -> 38.4 | AE104: =AE$11*$E104 -> 50.1 | AF104: =AF$11*$E104 -> 48.3 | AG104: =AG$11*$E104 -> 45.6 | AH104: =AH$11*$E104 -> 45.3 | AI104: =AI$11*$E104 -> 45.6 | AJ104: =AJ$11*$E104 -> 52.2
A105: 337000 | B105: Hidrocompressor 3700 lb/3,675 Kw | C105: M | D105: pequeno porte | F105: {=SUMPRODUCT((1*($G$9:$AM$9="x")),G105:AM105)} -> 0
A106: 370440 | B106: Máquina pintura de faixas | C106: M | D106: =A106 -> 370440 | E106: 2 | F106: {=SUMPRODUCT((1*($G$9:$AM$9="x")),G106:AM106)} -> 68.2 | G106: =$E106*G$11 -> 18.6 | H106: =$E106*H$11 -> 23.4 | I106: =$E106*I$11 -> 21.8 | J106: =$E106*J$11 -> 21.4 | K106: =$E106*K$11 -> 24.6 | L106: =E106*$L$11 -> 48 | M106: =E106*$M$11 -> 25.6 | N106: =E106*$N$11 -> 24.2 | O106: =$E106*$O$11 -> 16 | P106: =$E106*$P$11 -> 15.4 | Q106: =E106*$Q$11 -> 27.6 | S106: =E106*$S$11 -> 11.4 | T106: =E106*$T$11 -> 11.4 | U106: =E106*$U$11 -> 16.8 | W106: =W$11*$E106 -> 24 | X106: =X$11*$E106 -> 25.6 | Y106: =Y$11*$E106 -> 25.6 | Z106: =Z$11*$E106 -> 23.6 | AC106: =AC$11*$E106 -> 25.6 | AE106: =AE$11*$E106 -> 33.4 | AF106: =AF$11*$E106 -> 32.2 | AG106: =AG$11*$E106 -> 30.4 | AH106: =AH$11*$E106 -> 30.2 | AI106: =AI$11*$E106 -> 30.4 | AJ106: =AJ$11*$E106 -> 34.8
A107: 307050 | B107: Martelete elétrico TE-A22 | C107: M | D107: pequeno porte | F107: {=SUMPRODUCT((1*($G$9:$AM$9="x")),G107:AM107)} -> 0
...

Sheet hora.mo.obra
A1: Código | B1: Descrição da Mão de Obra | C1: Quantidade
A2: 200230 | B2: Armador | C2: 1815.5373
A3: 200240 | B3: Carpinteiro | C3: 1472.008
A4: 200000 | B4: Equipe Usina Asfalto | C4: 110.324
A5: 200070 | B5: Equipe Usina Solos B. Graduada | C5: 83.7467
A6: 200170 | B6: Motorista transp. asfalto | C6: 138.7875
A7: 200180 | B7: Motorista veículo médio | C7: 42.5812
A8: 210020 | B8: Motorista veículo pesado | C8: 4018.5154
A9: 200120 | B9: Operador da leve | C9: 1627.1084
A10: 210050 | B10: Operador da pesada | C10: 1291.0994
A11: 200160 | B11: Operador de equipamentos manuais | C11: 651.5256
A12: 200260 | B12: Pedreiro | C12: 2856.0838
A13: 200270 | B13: Pintor | C13: 2.4047
... A18: 210080 | B18: Topógrafo | C18: 3.9527
